 Dungeon Crawl Stone Soup version 0.27-a0-585-g945025970d (webtiles) character file.

Game seed: 2310784208404511487

1264800 Ijustatesigmund the Timeless (level 27, -8/281 HPs)
             Began as a Demonspawn Fighter on Feb 26, 2021.
             Was a High Priest of Cheibriados.
             Killed from afar by Kiredwu the pandemonium lord (28 damage)
             ... with a great blast of fire
             ... on level 17 of a ziggurat on Mar 10, 2021.
             The game lasted 07:59:29 (111129 turns).

Ijustatesigmund the Timeless (Demonspawn Fighter) Turns: 111129, Time: 07:59:30

Health: -8/281     AC: 37    Str: 31 (34) XL:     27
Magic:  3/40       EV: 36    Int: 34 (35) God:    Cheibriados [*****.]
Gold:   10042      SH: 21    Dex: 32 (33) Spells: 14/52 levels left

rFire    + . .     SeeInvis .   a - +9 broad axe (elec)
rCold    . . .     Faith    .   c - +3 kite shield
rNeg     + + +     Spirit   .   n - +9 pearl dragon scales
rPois    .         Reflect  .   (helmet restricted)
rElec    .         Harm     .   W - +1 cloak "Zimigh" {rN+ Will+ Dex+3 Stlth+}
rCorr    .         Rampage  .   (gloves unavailable)
Will     +++++     Clarity  +   E - +2 pair of boots Stlth +++++++++.Rnd*Tele +
                                h - amulet of Vitality {Regen+ HP+15}
HPRegen  2.56/turn              Y - ring of Ofuachia {rF+ rN+ Stlth+}
MPRegen  0.27/turn              P - ring of the Mage {Wiz Will++ Int+3}

@: mighty, agile, studying 2 skills, very slow
A: claws 3, horns 1, rugged brown scales 3, clarity, clever 1, ignite blood 3,
negative energy resistance 1, powered by pain 3, regeneration 1, 50% torment
resistance, teleportitis 1, black mark, MP-powered wands
}: 9/15 runes: barnacled, slimy, silver, golden, iron, obsidian, icy, bone,
gossamer
a: Renounce Religion, Bend Time, Temporal Distortion, Slouch, Step From Time


You were on level 17 of a ziggurat.
You worshipped Cheibriados.
Cheibriados was extremely pleased with you.
You visited 18 branches of the dungeon, and saw 89 of its levels.
You visited the Abyss 1 time.
You visited 2 ziggurats, and saw 31 of their levels (deepest: 17).
You also visited: Trove, Ice Cave and Desolation.

You collected 16535 gold pieces.
You spent 6493 gold pieces at shops.

Inventory:

Hand Weapons
 a - a +9 broad axe of electrocution (weapon)
 m - a +3 broad axe of pain
 D - a +9 broad axe of flaming
Missiles
 L - 77 silver javelins (quivered)
Armour
 c - a +3 kite shield (worn)
 l - the +5 scale mail of Vaiwk {rElec rF+++}
   (You found it on level 3 of the Shoals)

   It renders you almost immune to fire.
   It insulates you from electricity.
 n - +9 pearl dragon scales (worn)
 A - a +2 helmet of see invisible
 E - a +2 pair of boots (worn)
 W - the +1 cloak "Zimigh" (worn) {rN+ Will+ Dex+3 Stlth+}
   (You found it on level 2 of the Vaults)

   It affects your dexterity (+3).
   It protects you from negative energy.
   It affects your willpower, your defense against some magical effects.
   It makes you more stealthy.
Jewellery
 d - the ring "Eghucuf" {rC++ Str+6 Dex+6 Stlth-}
   (You bought it in a shop on level 2 of the Orcish Mines)

   [ring of dexterity]

   It affects your strength (+6).
   It affects your dexterity (+6).
   It greatly protects you from cold.
   It makes you less stealthy.
 h - the amulet of Vitality (around neck) {Regen+ HP+15}
   (You found it on level 13 of a ziggurat)

   [amulet of regeneration]

   It affects your health (+15).
   It increases your rate of regeneration.
 s - the ring of the Inquisitive Allies {rF+ AC+4 Slay+3}
   (You found it in a treasure trove)

   [ring of protection]

   It affects your AC (+4).
   It affects your accuracy and damage with ranged weapons and melee attacks
   (+3).
   It protects you from fire.
 t - the ring of the Tortoise {AC+8}
   (You found it on level 3 of a ziggurat)

   [ring of protection]

   It affects your AC (+8).
 C - the ring "Jaoretid" {+Fly rPois Slay+5}
   (You found it on level 5 of the Pits of Slime)

   [ring of flight]

   It affects your accuracy and damage with ranged weapons and melee attacks
   (+5).
   It protects you from poison.
   It lets you fly.
 F - the ring of Uhalyff {rPois Will+ SInv}
   (You found it in the Desolation of Salt)

   [ring of poison resistance]

   It protects you from poison.
   It affects your willpower, your defense against some magical effects.
   It lets you see invisible.
 G - the ring of the Hare {EV+8}
   (You found it on level 7 of Tartarus)

   [ring of evasion]

   It affects your evasion (+8).
 P - the ring of the Mage (right claw) {Wiz Will++ Int+3}
   (You found it on level 13 of a ziggurat)

   [ring of wizardry]

   It improves your spell success rate.
   It affects your intelligence (+3).
   It affects your willpower, your defense against some magical effects.
 Q - the ring "Ygudghocw" {*Slow rPois rCorr Int+3 Slay+3}
   (You found it in an ice cave)

   [ring of resist corrosion]

   It affects your intelligence (+3).
   It affects your accuracy and damage with ranged weapons and melee attacks
   (+3).
   It protects you from poison.
   It provides partial protection from all sources of acid and corrosion.
   It may slow you when you take damage.
 Y - the ring of Ofuachia (left claw) {rF+ rN+ Stlth+}
   (You found it on level 3 of the Crypt)

   [ring of positive energy]

   It protects you from fire.
   It protects you from negative energy.
   It makes you more stealthy.
 Z - the ring "Ischiz" {+Blink rC+ EV+4 Str-3}
   (You took it off Asmodeus on level 7 of Gehenna)

   [ring of evasion]

   It affects your evasion (+4).
   It affects your strength (-3).
   It protects you from cold.
   It lets you blink.
Wands
 b - a wand of digging (18)
 o - a wand of polymorph (35)
 v - a wand of charming (20)
 y - a wand of mindburst (74)
 I - a wand of iceblast (70)
 J - a wand of acid (29)
 U - a wand of paralysis (45)
 V - a wand of flame (86)
Scrolls
 f - 5 scrolls of teleportation
 g - 8 scrolls of magic mapping
 w - 5 scrolls of amnesia
 z - 59 scrolls of identify
 H - 5 scrolls of summoning
 K - 2 scrolls of holy word
 M - 5 scrolls of fear
 R - 6 scrolls of immolation
 S - 6 scrolls of silence
 T - 3 scrolls of fog
Potions
 e - 15 potions of attraction
 i - 11 potions of curing
 j - 3 potions of brilliance
 p - 7 potions of resistance
 q - 4 potions of ambrosia
 r - 13 potions of lignification
 u - 9 potions of flight
 B - 4 potions of mutation
 N - a potion of cancellation
 O - 5 potions of heal wounds
 X - 4 potions of magic
Miscellaneous
 x - a condenser vane


   Skills:
 O Level 27 Fighting
 + Level 26.0 Axes
 - Level 6.0(10.4) Slings
 - Level 13.0(13.4) Throwing
 - Level 20.0 Armour
 - Level 18.7 Dodging
 - Level 20.5 Stealth
 - Level 18.7 Shields
 - Level 13.1 Spellcasting
 - Level 7.2 Conjurations
 O Level 27 Necromancy
 - Level 17.0 Translocations
 - Level 20.0 Transmutations
 - Level 6.5 Fire Magic
 - Level 12.2 Earth Magic
 O Level 27 Invocations
 - Level 17.4 Evocations


You had 14 spell levels left.
You knew the following spells:

 Your Spells              Type           Power      Damage    Failure   Level
a - Blink                 Tloc           N/A        N/A       0%          2
b - Manifold Assault      Tloc           95%        N/A       1%          4
c - Borgnjor's Vile Clut  Necr/Erth      51%        N/A       1%          5
d - Apportation           Tloc           100%       N/A       0%          1
e - Lesser Beckoning      Tloc           47%        N/A       0%          3
f - Passwall              Tmut/Erth      77%        N/A       0%          2
g - Dispel Undead         Necr           100%       3d31      0%          4
h - Necromutation         Tmut/Necr      55%        N/A       1%          8
i - Death's Door          Necr           58%        N/A       1%          9

Your spell library contained the following spells:

 Spells                   Type           Power      Damage    Failure   Level
 Animate Skeleton         Necr           100%       N/A       0%          1
 Beastly Appendage        Tmut           100%       N/A       0%          1
 Pain                     Necr           100%       1d9       0%          1
 Sandblast                Erth           100%       2d20      0%          1
 Corpse Rot               Necr/Air       N/A        N/A       0%          2
 Sublimation of Blood     Necr           58%        N/A       0%          2
 Wereblood                Tmut           100%       N/A       0%          2
 Gell's Gravitas          Tloc           47%        N/A       0%          3
 Vampiric Draining        Necr           58%        2d14      0%          3
 Animate Dead             Necr           58%        N/A       0%          4
 Agony                    Necr           100%       N/A       0%          5
 Blade Hands              Tmut           51%        N/A       0%          5
 Excruciating Wounds      Necr           58%        N/A       0%          5
 Death Channel            Necr           58%        N/A       0%          6
 Corona                   Hex            24%        N/A       1%          1
 Foxfire                  Conj/Fire      100%       2x1d9     1%          1
 Freeze                   Ice            88%        1d10      1%          1
 Magic Dart               Conj           100%       1d8       1%          1
 Shock                    Conj/Air       100%       1d9       1%          1
 Sting                    Tmut/Pois      100%       1d8       1%          1
 Summon Small Mammal      Summ           88%        N/A       1%          1
 Call Imp                 Summ           22%        N/A       1%          2
 Ensorcelled Hibernation  Hex/Ice        44%        N/A       1%          2
 Poisonous Vapours        Pois/Air       44%        N/A       1%          2
 Searing Ray              Conj           100%       3d7       1%          2
 Slow                     Hex            22%        N/A       1%          2
 Swiftness                Air            22%        N/A       1%          2
 Conjure Flame            Conj/Fire      62%        6-21      1%          3
 Dazzling Flash           Conj/Hex       92%        N/A       1%          3
 Ignite Poison            Fire/Tmut/Pois 70%        N/A       1%          3
 Inner Flame              Hex/Fire       44%        N/A       1%          3
 Mephitic Cloud           Conj/Pois/Air  38%        N/A       1%          3
 Portal Projectile        Hex/Tloc       100%       N/A       1%          3
 Spider Form              Tmut/Pois      37%        N/A       1%          3
 Static Discharge         Conj/Air       46%        N/A       1%          3
 Stone Arrow              Conj/Erth      100%       3d13      1%          3
 Animate Armour           Summ/Erth      100%       N/A       1%          4
 Ice Form                 Ice/Tmut       74%        N/A       1%          4
 Iskenderun's Mystic Bla  Conj/Tloc      81%        2d16      1%          4
 Leda's Liquefaction      Hex/Erth       29%        N/A       1%          4
 Passage of Golubria      Tloc           N/A        N/A       1%          4
 Petrify                  Tmut/Erth      93%        N/A       1%          4
 Sticky Flame             Conj/Fire      62%        2d8       1%          4
 Alistair's Intoxication  Tmut/Pois      49%        N/A       1%          5
 Bolt of Magma            Conj/Fire/Erth 34%        4d15      1%          5
 Irradiate                Conj/Tmut      43%        3d28      1%          5
 Iskenderun's Battlesphe  Conj           63%        2d11      1%          5
 Lee's Rapid Deconstruct  Erth           40%        3d21*     1%          5
 Summon Forest            Summ/Tloc      34%        N/A       1%          5
 Yara's Violent Unravell  Hex/Tmut       37%        3d15      1%          5
 Dispersal                Tloc           47%        N/A       1%          6
 Hydra Form               Tmut           51%        N/A       1%          6
 Simulacrum               Ice/Necr       42%        N/A       1%          6
 Statue Form              Tmut/Erth      62%        N/A       1%          6
 Dragon Form              Tmut           51%        N/A       1%          7
 Borgnjor's Revivificati  Necr           58%        N/A       1%          8
 Infestation              Necr           58%        N/A       1%          8
 Fireball                 Conj/Fire      31%        3d13      2%          5
 Fulminant Prism          Conj/Hex       23%        3d13      3%          4
 Hailstorm                Conj/Ice       46%        3d11      3%          4
 Eringya's Noxious Bog    Tmut/Pois      37%        N/A       3%          6
 Iron Shot                Conj/Erth      36%        9d7       3%          6
 Call Canine Familiar     Summ           22%        N/A       4%          3
 Confusing Touch          Hex            22%        N/A       4%          3
 Frozen Ramparts          Ice            44%        1d6       4%          3
 Ozocubu's Armour         Ice            22%        N/A       4%          3
 Summon Guardian Golem    Hex/Summ       22%        N/A       4%          3
 Tukima's Dance           Hex            22%        N/A       4%          3
 Haunt                    Necr/Summ      42%        N/A       4%          7
 Lightning Bolt           Conj/Air       23%        1d38      9%          5
 Disjunction              Tloc           47%        N/A       9%          8
 Starburst                Conj/Fire      31%        8x6d9     12%         6
 Airstrike                Air            11%        N/A       13%         4
 Cause Fear               Hex            11%        N/A       13%         4
 Olgreb's Toxic Radiance  Pois           22%        N/A       13%         4
 Summon Ice Beast         Ice/Summ       22%        N/A       13%         4
 Summon Lightning Spire   Summ/Air       22%        N/A       13%         4
 Metabolic Englaciation   Hex/Ice        11%        N/A       32%         5
 Silence                  Hex/Air        11%        N/A       32%         5
 Summon Mana Viper        Hex/Summ       22%        N/A       32%         5
 Malign Gateway           Summ/Tloc      34%        N/A       32%         7
 Orb of Destruction       Conj           31%        9d12      47%         7
 Freezing Cloud           Conj/Ice/Air   19%        6-21      56%         6
 Invisibility             Hex            22%        N/A       86%         6
 Shadow Creatures         Summ           N/A        N/A       86%         6
 Spellforged Servitor     Conj/Summ      23%        N/A       91%         7
 Ignition                 Fire           30%        3d10      99%         8
 Monstrous Menagerie      Summ           11%        N/A       100%        7
 Ozocubu's Refrigeration  Ice            11%        4d7       100%        7
 Summon Hydra             Summ           11%        N/A       100%        7
 Discord                  Hex            11%        N/A       100%        8
 Summon Horrible Things   Summ           11%        N/A       100%        8
 Dragon's Call            Summ           11%        N/A       100%        9
 Shatter                  Erth           40%        3d32*     100%        9
 Tornado                  Air            11%        N/A       100%        9


Dungeon Overview and Level Annotations

Branches:
Dungeon (15/15)            Temple (1/1) D:5            Lair (6/6) D:11
 Shoals (4/4) Lair:2       Spider (4/4) Lair:4        Slime (5/5) Lair:6
    Orc (2/2) D:11            Elf (3/3) Orc:2        Vaults (5/5) D:14
  Crypt (3/3) Vaults:3       Tomb (3/3) Crypt:3      Depths (5/5) D:15
   Hell (visited)             Dis (7/7) Hell            Geh (7/7) Hell
    Coc (7/7) Hell            Tar (7/7) Hell            Zot (5/5) Depths:5
  IceCv (visited)         Desolation (visited)

Altars:
Ashenzari
Cheibriados
Dithmenos
Elyvilon
Fedhas
Gozag
Hepliaklqana
Kikubaaqudgha
Makhleb
Nemelex Xobeh
Okawaru
Qazlal
Ru
Sif Muna
Trog
Uskayaw
Vehumet
Wu Jian
Xom
Yredelemnul
Zin
The Shining One
Jiyva

Shops:
D:5 ?   D:7 [   D:13 [   Orc:2 =*(*=   Elf:1 (   Shoals:1 [   Shoals:4 (
Vaults:2 [   Vaults:4 (   Zot:4 *   Depths:2 *:==

Portals:
Hell: Depths:1 Depths:2 Depths:3 Depths:4 Depths:5
Abyss: Depths:2 Depths:4
Pandemonium: Orc:2 Depths:1 Depths:2 Depths:3

Annotations:
D:4 2 transporters, TimeIsEndless's ghost, amateur FoFi
Lair:3 2 transporters, exclusion: oklob plant, Borooracs's ghost, journeyman DDFi; Otaah's ghost, journeyman GnWn
Lair:4 exclusion: ice statue
Zot:5 exclusion: obsidian statue


Innate Abilities, Weirdness & Mutations

You have claws for hands.
You are completely covered in rugged brown scales. (AC +3, +7% HP)
Your demonic aura causes all spilled blood to erupt in flames.
You resist negative energy. (rN+)
You are powered by pain.
You are somewhat able to resist unholy torments (1 in 2 success).
Your melee attacks may debilitate your foes.
You have a pair of small horns on your head.
You possess an exceptional clarity of mind.
Your mind is acute. (Int +2)
Your natural rate of healing is unusually fast.
You are occasionally teleported next to monsters.
You expend magic power (3 MP) to strengthen your wands.


Message History

You block the Killer Klown's attack.
Unknown command.
You closely miss the Killer Klown. You headbutt the Killer Klown!
The Killer Klown is lightly wounded.
You slash the warg!
You chop the large abomination into pieces!!!
You hit Guadosh but do no damage.
Your life is in your own hands again!
Something howls, "Thy gizzard shall be my mouthful!"
The warg is engulfed in blazing flames.
You block the warg's attack. Guadosh hits you but does no damage.
Blink to where?
Press: ? - help, Dir - move target
As you read the scroll of blinking, it crumbles to dust.
A pandemonium lord and an apocalypse crab come into view.
You step away from death's doorway.
The Killer Klown blinks!
The warg is engulfed in blazing flames.
A Killer Klown comes into view. It is wielding a +8 club of flaming.
Found thirteen items.
Saving game... please wait.
Welcome back, Ijustatesigmund the Demonspawn Fighter.
Cheibriados says: Take it easy.
Press ? for a list of commands and other information.
As you read the scroll of fog, it crumbles to dust.
The scroll dissolves into smoke.
The Killer Klown seems less drained.
The death yak is engulfed in blazing flames.
The large abomination is engulfed in blazing flames.
Guadosh sneers, "Embrace submission, thou tasty snack!"
As you read the scroll of fear, it crumbles to dust.
You assume a fearsome visage.
The queen bee looks frightened!
The large abomination is unaffected.
Guadosh is unaffected.
The death yak resists with almost no effort.
The red very ugly thing looks frightened!
Kiredwu is unaffected.
The warg looks frightened!
You can drink potions again.
The warg changes into a rime drake!
Kiredwu gestures at you.
A raging storm of fire appears!
The great blast of fire engulfs you!! You partially resist.
You die...

.................
.°...)...............)?)
†...).........p......??=
°.☼....X..k.&.u.u.t..?$:
°°☼...XX.☼&Y.t4Y4.....=)
○*.....#...Xu..#.y....)?
○.....###.&..u###&......
.......#.......#§§......
▓▓▓▓▓▓........§§@▓
▓........§§§▓
▓........§..▓
▓▓▓▓▓▓▓▓▓▓▓▓▓


You could see Guadosh, Kiredwu, Rodinkug, Urreh, a Killer Klown (wandering), 3
very ugly things, a death yak, a white ugly thing (drained), 2 apocalypse crabs,
a large abomination (summoned), a yak, a queen bee shaped shifter (fleeing), a
rime drake shaped shifter (fleeing) and 2 chaos spawn.

Vanquished Creatures
  Asmodeus (Geh:7)
  Antaeus (Coc:7)
  the Royal Jelly (Slime:5)
  Ereshkigal (Tar:7)
  Dissolution (Slime:2)
  6 dread liches
  Dispater (Dis:7)
  5 ancient liches
  7 orbs of fire
  17 royal mummies
  Bai Suzhen (Spider:3)
  Boris (5 times) (Vaults:2 Vaults:3 Vaults:4 Depths:5 Tomb:2)
  12 shard shrikes
  A curse toe (Zot:5)
  6 Killer Klowns
  5 caustic shrikes
  Geryon (Hell)
  Jory (Depths:4)
  11 golden dragons
  the Enchantress (Depths:3)
  2 profane servitors
  18 bone dragons
  A pandemonium lord (Zig:17)
  86 Tzitzimimeh
  18 doom hounds
  5 hellephants
  10 iron giants
  31 Ice Fiends
  47 Brimstone Fiends
  4 electric golems
  11 Hell Sentinels
  8 tentacled monstrosities
  5 titans
  The ghost of Ludwuzim the Eclecticist, an adept OpEE of Vehumet (Spider:1)
  25 Orb Guardians (Zot:5)
  Asterion (Spider:4)
  8 quicksilver dragons
  5 deep elf blademasters
  4 deep elf master archers
  17 liches
  45 acid blobs
  2 Executioners
  10 death cobs
  30 ancient champions
  A kraken (Shoals:4)
  Agnes (Vaults:4)
  11 sphinxes
  14 storm dragons
  7 tengu reavers
  12 shadow dragons
  Roxanne (D:15)
  Donald (Spider:4)
  10 revenants
  5 nagarajas
  13 draconian monks
  28 azure jellies
  A frost giant (shapeshifter) (Zig:17)
  12 fire giants
  Ilsuiw (Shoals:4)
  7 draconian scorchers
  A corrupter (Zig:13)
  14 frost giants
  8 deep elf sorcerers
  7 iron dragons
  3 draconian knights
  12 ghost moths
  18 vault wardens
  5 cacodemons
  A caustic shrike zombie (Zig:16)
  3 imperial myrmidons (Desolation)
  Aizul (Spider:1)
  A juggernaut zombie (Zig:15)
  26 balrugs
  An orc warlord (Zig:4)
  Louise (Elf:1)
  13 emperor scorpions
  The ghost of abdbla the Tortoise, a journeyman MiBe of Trog (Orc:2)
  10 curse skulls
  14 draconian stormcallers
  11 ironheart preservers
  An angel (Depths:2)
  161 reapers
  13 draconian annihilators
  6 deep elf elementalists
  11 ghouls
  15 draconian shifters
  3 elemental wellsprings (Coc:7)
  A caustic shrike skeleton (D:15)
  22 stone giants
  13 green draconians
  4 spriggan defenders
  2 war gargoyles (Vaults:5)
  19 very ugly things
  A juggernaut skeleton (Zig:16)
  17 black draconians
  2 grey draconians (Depths:5)
  2 bennus (Tomb:1)
  9 deep elf demonologists
  13 vampire knights
  7 lorocyprocas
  17 red draconians
  17 white draconians
  Azrael (Elf:1)
  A minotaur (Shoals:1)
  A bunyip (Zig:6)
  9 deep elf annihilators
  2 dire elephants (Zig:12)
  3 halazid warlocks (Desolation)
  11 entropy weavers
  18 ettins
  10 merfolk javelineers
  9 spark wasps
  A crystal guardian (Desolation)
  12 purple draconians
  22 yellow draconians
  5 green deaths
  27 mummy priests
  7 eidola
  11 deep elf death magi
  2 pearl dragon zombies (Crypt:1)
  23 blizzard demons
  An eleionoma (Zig:6)
  12 fire dragons
  11 quicksilver dragon zombies
  9 merfolk impalers
  14 yaktaur captains
  9 ragged hierophants
  17 jiangshi
  Josephine (Lair:6)
  14 death oozes
  2 kraken zombies
  6 servants of whispers
  3 deep elf high priests
  A spectral kraken (Tar:7)
  A shambling mangrove (Zig:6)
  7 rakshasas
  Harold (D:11)
  12 boulder beetles
  43 vault guards
  16 great orbs of eyes
  35 ice dragons
  6 hell beasts
  Erolcha (Orc:2)
  10 ghost crabs
  10 quicksilver dragon skeletons
  7 catoblepae
  6 hydras
  An anaconda (Zig:9)
  6 spriggan air magi
  4 peacekeepers (Desolation)
  2 naga warriors
  An alligator (Zig:6)
  3 alligator snapping turtles
  7 death knights
  8 ogre magi
  3 satyrs
  3 centaur warriors
  8 merfolk aquamancers
  27 two-headed ogres
  6 merfolk avatars
  10 deep troll shamans
  69 death scarabs
  56 hell hogs
  17 vampire magi
  9 death yaks
  A queen ant (Spider:2)
  16 titan zombies
  9 tengu warriors
  34 dancing weapons
  6 deep troll earth magi
  81 hell knights
  Nergalle (D:11)
  3 shock serpents
  15 iron golems
  9 orc high priests
  29 deep elf knights
  Sonja (Lair:1)
  3 spriggan berserkers
  30 soul eaters
  A naga sharpshooter (Zig:9)
  14 storm dragon zombies
  24 sun demons
  A fire crab (Zig:6)
  19 iron trolls
  12 titan skeletons
  20 anaconda zombies
  3 shadow wraiths
  2 spark wasp zombies (Zig:13)
  A salamander mystic (Depths:5)
  A spatial maelstrom (Abyss:3)
  7 ghost moth zombies
  A deep troll (shapeshifter) (Vaults:5)
  A spriggan druid (Zig:14)
  304 skeletal warriors
  A death drake (shapeshifter) (Vaults:5)
  A gelid demonspawn (Orc:2)
  43 shadow demons
  26 flayed ghosts
  16 storm dragon skeletons
  7 golden dragon zombies
  A swamp dragon (Zig:6)
  An infernal demonspawn (Orc:2)
  18 deep trolls
  10 sea snakes
  4 unseen horrors
  10 bog bodies
  8 golden dragon skeletons
  5 obsidian statues
  2 orange crystal statues
  4 wizards
  26 orb spiders
  12 wolf spider zombies
  14 iron dragon zombies
  16 deep elf archers
  23 harpies
  13 orc knights
  16 anaconda skeletons
  19 shadow dragon zombies
  7 glowing orange brains
  20 ironbrand convokers
  3 lindwurms
  26 deep elf pyromancers
  50 phantasmal warriors
  32 deep elf zephyrmancers
  27 frost giant zombies
  A wolf spider (shapeshifter) (Elf:1)
  A tengu skeleton (Zig:8)
  24 fire giant zombies
  49 ugly things
  6 orc sorcerers
  50 wolf spiders
  13 manticores
  13 shining eyes
  33 moths of wrath
  2 oklob plants (Shoals:3)
  23 necromancers
  12 shadow dragon skeletons
  9 cyclopes
  17 fauns
  3 sphinx skeletons
  14 stone giant zombies
  A faun (shapeshifter) (Vaults:5)
  5 salamanders
  4 apis skeletons (Crypt:1)
  30 elephants
  Maurice (D:8)
  98 rust devils
  4 water nymphs
  9 fire giant skeletons
  7 iron dragon skeletons
  15 merfolk sirens
  21 dire elephant zombies
  12 frost giant skeletons
  A naga mage (Zig:9)
  8 shock serpent zombies
  18 vault sentinels
  18 stone giant skeletons
  6 ice statues
  6 smoke demons
  16 black mambas
  9 molten gargoyles
  2 titan simulacra
  2 gargoyles
  A guardian serpent (Desolation)
  Joseph (D:8)
  4 apocalypse crabs (Zig:17)
  9 eyes of devastation
  3 orange demons
  16 cane toads
  A storm dragon simulacrum (Crypt:1)
  3 torpor snails (Zig:13)
  14 efreet
  74 hellions
  A green draconian zombie (Crypt:3)
  A white draconian zombie (Tar:3)
  14 dire elephant skeletons
  3 spriggan zombies
  3 catoblepas zombies
  13 spectral swamp worms
  4 emperor scorpion zombies
  6 shock serpent skeletons
  10 komodo dragons
  83 freezing wraiths
  49 yaktaurs
  7 rime drakes
  45 guardian mummies
  3 catoblepas skeletons
  2 hellwings
  59 ice devils
  109 tormentors
  12 harpy zombies
  An anaconda simulacrum (Hell)
  19 demonic crawlers
  2 tengu conjurers (Depths:3)
  A minotaur skeleton (Tar:1)
  57 red devils
  23 merfolk
  6 silent spectres
  6 meliai
  10 wind drakes
  A polar bear (Lair:4)
  A meliai (shapeshifter) (D:13)
  8 trolls
  94 slime creatures
  33 jumping spiders
  A hornet (shapeshifter) (Vaults:3)
  18 hornets
  27 hydra zombies
  Prince Ribbit (D:9)
  18 blink frogs
  A deep troll zombie (D:15)
  14 ettin zombies
  6 harpy skeletons
  10 fire dragon zombies
  38 saltlings
  16 ice dragon zombies
  13 alligator zombies
  A meliai zombie (D:11)
  9 hydra skeletons
  A frost giant simulacrum (Depths:1)
  15 snapping turtles
  2 stone giant simulacra
  A centaur simulacrum (D:15)
  3 tarantellas (shapeshifter)
  3 air elementals
  4 black mamba zombies
  26 water elementals
  16 ettin skeletons
  271 flying skulls
  12 ice dragon skeletons
  82 wraiths
  A dire elephant simulacrum (Coc:1)
  A small abomination (Abyss:3)
  A wyvern (shapeshifter) (Vaults:1)
  74 redbacks
  5 spriggans (Depths:3)
  71 shadows
  25 tarantellas
  2 vampires
  A deep troll skeleton (D:15)
  A satyr skeleton (Crypt:1)
  9 humans (D:14)
  9 wyverns
  11 fire dragon skeletons
  10 fire bats
  A hog (shapeshifter) (D:15)
  8 alligator skeletons
  49 yaks
  25 ushabtiu
  3 black mamba skeletons
  8 golden eyes
  6 basilisks
  61 fire elementals
  A basilisk (shapeshifter) (Vaults:3)
  4 chaos spawn
  2 neqoxecs
  A harpy simulacrum (Coc:3)
  14 vampire mosquitoes
  3 wargs
  6 spatial vortices (Abyss:3)
  15 cane toad zombies
  An infernal demonspawn zombie (Geh:7)
  3 nagas
  5 acid dragons
  20 water moccasins
  18 soldier ants (Spider:2)
  A gelid demonspawn zombie (Tar:3)
  185 hell hounds
  3 floating eyes
  2 merfolk skeletons
  5 cane toad skeletons
  4 black bears
  31 ice beasts
  A sky beast (D:13)
  A swamp dragon zombie (Geh:5)
  38 orc warriors
  A hornet zombie (D:13)
  9 snapping turtle zombies
  11 eyes of draining
  4 manticore zombies
  2 alligator simulacra
  68 necrophages
  2 ettin simulacra
  20 ogres
  14 wolves
  12 centaurs
  4 manticore skeletons
  4 swamp dragon skeletons
  6 snapping turtle skeletons
  2 kobold brigands
  16 phantoms
  9 elf zombies
  A fire crab zombie (Crypt:2)
  3 elf skeletons
  19 bullfrogs
  2 earth elementals (Elf:1)
  13 wyvern skeletons
  2 cane toad simulacra
  3 scorpions
  5 troll zombies
  A snapping turtle simulacrum (Coc:7)
  5 killer bees
  2 orc simulacra (Orc:2)
  200 wights
  3 electric eels
  5 howler monkeys
  2 spriggan skeletons
  14 crimson imps
  2 human simulacra
  3 bullfrog zombies
  4 centaur zombies
  8 hounds
  A hound (shapeshifter) (Vaults:5)
  3 quasits
  6 jellies
  32 orc priests
  A bullfrog skeleton (D:11)
  7 human zombies
  9 centaur skeletons
  A demonspawn zombie (Crypt:2)
  99 iron imps
  Crazy Yiuf (D:2)
  Jessica (D:3)
  3 human skeletons
  5 iguanas
  A warg simulacrum (Orc:2)
  Natasha (twice) (D:4)
  19 worker ants
  20 hell rats
  21 orc wizards
  3 tengu zombies
  2 naga skeletons (Tar:6)
  2 naga zombies
  2 ogre zombies (Tar:7)
  An ogre skeleton (Geh:1)
  A hound zombie (D:8)
  3 hound skeletons
  80 mummies
  A worker ant zombie (D:5)
  7 gnolls
  A swamp drake zombie (Crypt:2)
  12 adders
  An ogre simulacrum (Orc:2)
  27 shadow imps
  33 white imps
  An ufetubus (D:8)
  An ooze (D:3)
  2 adder zombies
  3 adder skeletons
  2 worms (D:3)
  A dart slug (D:2)
  10 leopard geckos
  126 orcs
  10 bats
  8 giant cockroaches
  14 hobgoblins
  9 jackals
  4 quokkas
  A ball python skeleton (Crypt:2)
  A ball python zombie (D:5)
  6 frilled lizards
  A frilled lizard skeleton (Crypt:1)
  7 goblins
  17 kobolds
  A kobold skeleton (Tar:5)
  A kobold zombie (Dis:3)
  A leopard gecko skeleton (D:6)
  A leopard gecko zombie (D:5)
  2 orc skeletons
  2 orc zombies
  A quokka zombie (D:6)
  7 rats
  3 spectral orcs
  A butterfly (D:5)
  10 tentacles
  2 withered plants (Crypt:3)
6766 creatures vanquished.

Vanquished Creatures (others)
  A Killer Klown (Zig:17)
  A fire giant (Zig:8)
  An ettin (Vaults:5)
  A deep elf death mage (Zig:7)
  A deep elf high priest (Zig:11)
  An ogre mage (D:15)
  A merfolk aquamancer (Zig:14)
  5 hell hogs
  A tengu warrior (Depths:3)
  2 deep elf knights (Elf:3)
  A hell knight (Geh:5)
  A bog body (Coc:7)
  A spriggan druid (Zig:14)
  An anaconda skeleton (Hell)
  A deep elf pyromancer (Elf:1)
  A wolf spider (Spider:1)
  2 deep elf zephyrmancers
  An ugly thing (D:15)
  An orb spider (Zig:10)
  A guardian serpent (Zig:14)
  A storm dragon simulacrum (Crypt:2)
  A harpy zombie (Geh:3)
  A red devil (Hell)
  2 jumping spiders
  A human (D:14)
  3 wraiths
  A chaos spawn (Abyss:3)
  A floating eye (shapeshifter) (Zig:17)
  A hell hound (Dis:7)
  A killer bee (D:9)
  An iron imp (Dis:7)
  2 bushes (Depths:2)
  50 fungi
  121 plants
  11 tentacles
  42 withered plants
266 creatures vanquished.

Grand Total: 7032 creatures vanquished

Notes
Turn   | Place    | Note
-------+----------+-------------------------------------------
     0 | D:1      | Ijustatesigmund the Demonspawn Fighter began the quest for
                  | the Orb.
     0 | D:1      | Reached XP level 1. HP: 18/18 MP: 1/1
   219 | D:1      | Gained mutation: You sometimes gain a little power by
                  | taking damage. [demonic ancestry]
   219 | D:1      | Reached XP level 2. HP: 24/24 MP: 2/2
   706 | D:1      | Reached skill level 1 in Dodging
   737 | D:1      | Gained mutation: You have sharp fingernails. [demonic
                  | ancestry]
   737 | D:1      | Reached XP level 3. HP: 29/29 MP: 3/3
  1686 | D:2      | Found a basalt altar of Yredelemnul.
  1745 | D:2      | Reached XP level 4. HP: 35/35 MP: 4/4
  1782 | D:2      | Found a sacrificial altar of Ru.
  1906 | D:2      | Found a runed translucent door.
  1907 | D:2      | Noticed Crazy Yiuf
  1915 | D:2      | Killed Crazy Yiuf
  2118 | D:3      | Found a glowing golden altar of the Shining One.
  2371 | D:3      | Found a stormy altar of Qazlal.
  2372 | D:3      | Found an opulent altar of Gozag.
  2373 | D:3      | Found a burning altar of Makhleb.
  2377 | D:3      | Found a shadowy altar of Dithmenos.
  2381 | D:3      | Found a shimmering altar of Xom.
  2383 | D:3      | Found a sparkling altar of Nemelex Xobeh.
  2541 | D:3      | Noticed Jessica
  2553 | D:3      | Killed Jessica
  2554 | D:3      | Gained mutation: Your demonic aura sometimes causes spilled
                  | blood to erupt in flames [demonic ancestry]
  2554 | D:3      | Reached XP level 5. HP: 42/42 MP: 5/5
  3043 | D:4      | Noticed Natasha
  3052 | D:4      | Killed Natasha
  3139 | D:4      | Noticed Natasha
  3140 | D:4      | Noticed Natasha
  3140 | D:4      | Natasha changed into Natasha the rat
  3144 | D:4      | Killed Natasha the rat
  3232 | D:4      | Gained mutation: You have very sharp fingernails. [demonic
                  | ancestry]
  3232 | D:4      | Reached XP level 6. HP: 46/48 MP: 6/6
  3288 | D:4      | Found a transporter.
  3362 | D:4      | Noticed TimeIsEndless's ghost (amateur FoFi)
  3362 | D:4      | Noticed a hornet
  3365 | D:4      | Found a transporter.
  3386 | D:4      | Noticed Natasha
  3389 | D:4      | Killed Natasha
  3667 | D:5      | Entered Level 5 of the Dungeon
  3853 | D:5      | Reached skill level 5 in Axes
  3853 | D:5      | Reached XP level 7. HP: 32/55 MP: 7/7
  3885 | D:5      | Found a staircase to the Ecumenical Temple.
  3910 | Temple   | Entered the Ecumenical Temple
  4104 | D:5      | Found a white marble altar of Elyvilon.
  4171 | D:5      | Found an iron altar of Okawaru.
  4394 | D:5      | Found Piaza's Magic Scroll Boutique.
  4435 | D:5      | Bought 3 scrolls of identify for 78 gold pieces
  4435 | D:5      | Bought a scroll of teleportation for 39 gold pieces
  4637 | D:5      | Reached skill level 5 in Fighting
  4671 | D:5      | Reached skill level 1 in Evocations
  5039 | D:6      | Gained mutation: You are partially covered in rugged brown
                  | scales. (AC +1, +3% HP) [demonic ancestry]
  5039 | D:6      | Reached XP level 8. HP: 55/64 MP: 8/8
  5571 | D:6      | You fall into a shaft and drop 3 floors!
  5658 | D:9      | Noticed a troll
  5664 | D:9      | Killed a troll
  5665 | D:9      | Reached XP level 9. HP: 49/71 MP: 9/9
  5786 | D:9      | Noticed a troll
  5794 | D:9      | Killed a troll
  6064 | D:8      | Noticed Joseph
  6487 | D:9      | Noticed Prince Ribbit
  6493 | D:9      | Killed Prince Ribbit
  6580 | D:8      | Noticed a two-headed ogre
  6584 | D:8      | Killed a two-headed ogre
  6585 | D:8      | Reached skill level 5 in Armour
  6585 | D:8      | Reached skill level 5 in Shields
  6787 | D:6      | Found a radiant altar of Vehumet.
  6949 | D:7      | Found Becaank's Antique Armour Boutique.
  6955 | D:7      | Bought a glowing chain mail for 240 gold pieces
  7201 | D:7      | Reached XP level 10. HP: 81/81 MP: 10/10
  7977 | D:7      | Found a hazy altar of Hepliaklqana.
  8362 | D:8      | Noticed Maurice
  8371 | D:8      | Killed Maurice
  8372 | D:8      | Reached skill level 10 in Axes
  8564 | D:8      | Killed Joseph
  8929 | D:8      | Found an opulent altar of Gozag.
  9308 | D:10     | Entered Level 10 of the Dungeon
  9448 | D:10     | Gained mutation: You are mostly covered in rugged brown
                  | scales. (AC +2, +5% HP) [demonic ancestry]
  9448 | D:10     | Reached XP level 11. HP: 78/90 MP: 11/11
 10037 | D:11     | Noticed Nergalle
 10044 | D:11     | Killed Nergalle
 10264 | D:11     | Reached skill level 5 in Dodging
 10355 | D:11     | Noticed a two-headed ogre
 10361 | D:11     | Killed a two-headed ogre
 10647 | Temple   | Became a worshipper of Cheibriados the Contemplative
 10932 | D:11     | Reached skill level 1 in Invocations
 10994 | D:11     | Noticed a catoblepas
 11008 | D:11     | Killed a catoblepas
 11178 | D:11     | Found a staircase to the Orcish Mines.
 11273 | D:11     | Noticed Harold
 11283 | D:11     | Killed Harold
 11288 | D:11     | Found a staircase to the Lair.
 11446 | D:12     | Noticed a red ugly thing
 11453 | D:12     | Reached * piety under Cheibriados
 11458 | D:12     | Killed a red ugly thing
 11616 | D:12     | Upgraded the game from 0.27-a0-419-g7a85846853 to
                  | 0.27-a0-475-g4587593e40
 11637 | D:12     | Reached skill level 10 in Fighting
 11637 | D:12     | Gained mutation: You are completely covered in rugged brown
                  | scales. (AC +3, +7% HP) [demonic ancestry]
 11637 | D:12     | Reached XP level 12. HP: 86/103 MP: 15/15
 11721 | D:12     | Identified the +0 ring mail "Xushiz" {Dex+2}
 11825 | D:12     | Reached ** piety under Cheibriados
 12135 | D:13     | Found Ceizoxt's Armour Shop.
 12136 | D:13     | Noticed a centaur warrior
 12138 | D:13     | Noticed a catoblepas
 12154 | D:12     | Reached skill level 5 in Invocations
 12192 | D:12     | Killed a catoblepas
 12254 | D:13     | Killed a centaur warrior
 12348 | D:13     | HP: 1/101 [meliai/divine providence (14)]
 12527 | D:14     | Reached *** piety under Cheibriados
 12720 | D:14     | Noticed a centaur warrior
 12726 | D:14     | Killed a centaur warrior
 12852 | D:13     | Noticed a two-headed ogre
 12857 | D:13     | Killed a two-headed ogre
 13196 | D:13     | Reached **** piety under Cheibriados
 13302 | D:14     | Gained mutation: You resist negative energy. (rN+) [demonic
                  | ancestry]
 13302 | D:14     | Reached XP level 13. HP: 113/113 MP: 19/19
 13558 | D:14     | Found a gate to the Vaults.
 13901 | D:14     | Reached ***** piety under Cheibriados
 14094 | D:14     | Identified the +8 falchion "Yquezxop" {antimagic, Str+6}
 14225 | Lair:1   | Entered Level 1 of the Lair of Beasts
 14358 | Lair:1   | Noticed Sonja
 14365 | Lair:1   | Killed Sonja
 14910 | Lair:2   | Gained mutation: You expend magic power (3 MP) to
                  | strengthen your wands. [potion of mutation]
 14910 | Lair:2   | Gained mutation: You passively map a small area around you.
                  | [potion of mutation]
 14910 | Lair:2   | Gained mutation: You are agile. (Dex +2) [potion of
                  | mutation]
 14944 | Lair:2   | Found a frozen archway.
 14972 | IceCv    | Entered an ice cave
 15167 | IceCv    | Reached skill level 10 in Invocations
 15625 | IceCv    | Identified the ring "Ygudghocw" {*Slow rPois rCorr Int+3
                  | Slay+3}
 15927 | Lair:2   | Found a staircase to the Shoals.
 16563 | Lair:3   | Reached ****** piety under Cheibriados
 16564 | Lair:3   | Reached skill level 1 in Throwing
 16599 | Lair:3   | Identified the ring "Cevudaem" {Fire rPois Str+2 Int-5
                  | Dex+7}
 16665 | Lair:3   | Found a transporter.
 16667 | Lair:3   | Noticed Borooracs's ghost (journeyman DDFi)
 16669 | Lair:3   | Noticed Otaah's ghost (journeyman GnWn)
 16688 | Lair:3   | Found a transporter.
 17174 | Lair:3   | Gained mutation: You sometimes gain power by taking damage.
                  | [demonic ancestry]
 17174 | Lair:3   | Reached XP level 14. HP: 117/123 MP: 22/22
 17867 | Lair:4   | Reached skill level 5 in Throwing
 17993 | Lair:4   | Found a hole to the Spider Nest.
 18031 | Lair:4   | Upgraded the game from 0.27-a0-475-g4587593e40 to
                  | 0.27-a0-492-ga4bb394fd4
 18533 | Lair:4   | Reached skill level 10 in Armour
 19336 | Lair:6   | Entered Level 6 of the Lair of Beasts
 19473 | Lair:6   | Gained mutation: You are somewhat able to resist unholy
                  | torments (1 in 2 success). [demonic ancestry]
 19473 | Lair:6   | Reached XP level 15. HP: 74/131 MP: 24/24
 19700 | Lair:6   | Noticed Josephine
 19710 | Lair:6   | Killed Josephine
 19736 | Lair:6   | Found a staircase to the Slime Pits.
 20344 | Lair:6   | Identified the +1 chain mail of Distant Shores {Harm rElec
                  | rCorr Str+2}
 20585 | Orc:1    | Entered Level 1 of the Orcish Mines
 21033 | Orc:2    | Entered Level 2 of the Orcish Mines
 21064 | Orc:2    | Found Loufos's General Store.
 21092 | Orc:2    | Found Suetumm's General Store.
 21231 | Orc:2    | Found a runed translucent gate.
 21231 | Orc:2    | Found a runed translucent gate.
 21231 | Orc:2    | Found a runed translucent gate.
 21232 | Orc:2    | Noticed abdbla's ghost (journeyman MiBe)
 21397 | Orc:2    | Killed abdbla's ghost
 21625 | Orc:2    | Bought a scroll of teleportation for 39 gold pieces
 21627 | Orc:2    | Bought a scroll of enchant armour for 90 gold pieces
 21627 | Orc:2    | Bought a potion of curing for 36 gold pieces
 21627 | Orc:2    | Bought a scroll of blinking for 90 gold pieces
 21751 | Orc:2    | Found a staircase to the Elven Halls.
 21767 | Orc:2    | Found Liafux's Jewellery Shop.
 21780 | Orc:2    | Bought the ring "Eghucuf" {rC++ Str+6 Dex+6 Stlth-} for
                  | 1413 gold pieces
 21839 | Orc:2    | Noticed Erolcha
 21844 | Orc:2    | Killed Erolcha
 21947 | Orc:2    | Paralysed by an orc sorcerer for 5 turns
 22591 | Orc:2    | Found Woezeiwn's Antique Weapon Shoppe.
 22591 | Orc:2    | Found Panlou's Jewellery Emporium.
 22592 | Orc:2    | Found a one-way gate leading to the halls of Pandemonium.
 22765 | D:15     | Entered Level 15 of the Dungeon
 22977 | D:15     | Gained mutation: You have claws for hands. [demonic
                  | ancestry]
 22977 | D:15     | Reached XP level 16. HP: 142/142 MP: 26/26
 23064 | D:15     | Found a staircase to the Depths.
 23147 | D:15     | Noticed Roxanne
 23169 | D:15     | Killed Roxanne
 23519 | D:15     | Found a glowing silver altar of Zin.
 23675 | Depths:1 | Entered Level 1 of the Depths
 23675 | Depths:1 | Found a gateway to a ziggurat.
 24033 | Depths:1 | Reached skill level 15 in Invocations
 24063 | Depths:1 | Reached skill level 15 in Axes
 24210 | Depths:1 | Identified the +8 dagger of Vengo {drain, Dex+2 Stlth+}
 24315 | Depths:1 | Noticed a tengu reaver
 24331 | Depths:1 | Killed a tengu reaver
 24451 | Depths:1 | Found a gateway to Hell.
 24646 | Depths:1 | Paralysed by a vampire knight for 5 turns
 24824 | Depths:2 | Reached XP level 17. HP: 138/149 MP: 28/28
 24871 | Depths:2 | Reached skill level 15 in Fighting
 25091 | Depths:2 | Found Tellanga's Assorted Antiques.
 25187 | Depths:2 | Bought a scroll labelled VUMADI TEUPLA for 26 gold pieces
 25187 | Depths:2 | Bought a potion of heal wounds for 130 gold pieces
 25187 | Depths:2 | Bought 3 scrolls of teleportation for 234 gold pieces
 25272 | Depths:2 | Paralysed by a floating eye for 2 turns
 25539 | Depths:2 | Found Oxehia's Jewellery Shoppe.
 25541 | Depths:2 | Found Foulamor's Book Boutique.
 25542 | Depths:2 | Found Kauz's Jewellery Shoppe.
 25578 | Depths:2 | Found a one-way gate to the infinite horrors of the Abyss.
 25824 | Depths:2 | Found a glowing golden altar of the Shining One.
 26145 | Shoals:1 | Entered Level 1 of the Shoals
 26678 | Shoals:1 | Found Zokull's Armour Emporium.
 26792 | Shoals:1 | Found a hide-covered altar of Uskayaw.
 26879 | Shoals:1 | Reached skill level 5 in Evocations
 28336 | Shoals:3 | Gained mutation: You are powered by pain. [demonic
                  | ancestry]
 28336 | Shoals:3 | Reached XP level 18. HP: 159/159 MP: 27/30
 28521 | Shoals:3 | Reached skill level 10 in Evocations
 28582 | Shoals:3 | Identified the +5 scale mail of Vaiwk {rElec rF+++}
 28953 | Shoals:4 | Entered Level 4 of the Shoals
 28953 | Shoals:4 | Found Uvyggy's Weapon Boutique.
 28961 | Shoals:4 | Noticed Ilsuiw
 28984 | Shoals:4 | Killed Ilsuiw
 29430 | Shoals:4 | Got a barnacled rune of Zot
 30360 | Shoals:4 | Identified the +2 cloak "Woqiupsu" {Dex+6}
 30376 | Shoals:4 | Learned a level 2 spell: Blink
 30607 | Spider:1 | Entered Level 1 of the Spider Nest
 30628 | Lair:4   | Reached skill level 1 in Translocations
 30921 | Spider:1 | Reached skill level 5 in Translocations
 31027 | Spider:1 | Found a runed translucent door.
 31027 | Spider:1 | Noticed Ludwuzim's ghost (adept OpEE)
 31052 | Spider:1 | Killed Ludwuzim's ghost
 31059 | Spider:1 | Identified the ring of the Sky {rN+ Int+6}
 31253 | Spider:2 | Noticed Aizul
 31546 | Spider:1 | Killed Aizul
 31615 | Spider:2 | Reached XP level 19. HP: 167/167 MP: 11/31
 33282 | Spider:4 | Entered Level 4 of the Spider Nest
 33286 | Spider:4 | Noticed Bai Suzhen
 33448 | Spider:3 | Killed Bai Suzhen
 33536 | Spider:4 | Identified the +4 kite shield of Bitterness {-Tele +Fly
                  | rElec rN+}
 33536 | Spider:4 | Noticed Donald
 33554 | Spider:4 | Killed Donald
 34209 | Spider:4 | Noticed Asterion
 34222 | Spider:4 | Killed Asterion
 34377 | Spider:4 | Learned a level 4 spell: Manifold Assault
 35062 | Spider:4 | Got a gossamer rune of Zot
 35333 | Vaults:1 | Entered Level 1 of the Vaults
 35512 | Vaults:1 | Found a portal to a secret trove of treasure.
 35651 | Vaults:1 | Paralysed by an ogre mage for 7 turns
 35856 | Vaults:1 | Reached XP level 20. HP: 152/177 MP: 33/33
 36198 | Vaults:1 | Found a radiant altar of Vehumet.
 36951 | Vaults:2 | Reached skill level 10 in Translocations
 37246 | Vaults:2 | Identified the +1 cloak "Zimigh" {rN+ Will+ Dex+3 Stlth+}
 37407 | Vaults:2 | Found Vakhoh's Armour Shoppe.
 37430 | Vaults:2 | Bought a +1 helmet of intelligence for 379 gold pieces
 37486 | Vaults:2 | Noticed Boris
 37503 | Vaults:2 | Killed Boris
 38359 | Vaults:3 | Found a ruined gateway.
 38386 | Vaults:3 | Reached XP level 21. HP: 61/187 MP: 25/34
 38402 | Desolati | Entered the Desolation of Salt
 38588 | Desolati | Identified the ring "Legegh" {Fire Int+6}
 38602 | Desolati | Identified the Compendium of Congealing Darkness
 38615 | Desolati | Identified the ring of Uhalyff {rPois Will+ SInv}
 38861 | Desolati | Identified the +1 robe of the Hidden Vale {Will+ Dex+7}
 38867 | Desolati | Identified the amulet "Fizedd" {Spirit rN+ Int+4}
 38892 | Desolati | Identified the ring "Ajuufirph" {rElec rPois rC+ Dex+8
                  | Slay-4}
 39062 | Desolati | Identified the ring of Uritran {rElec rPois Will- Stlth+}
 39100 | Desolati | Identified the +0 robe "Zullu" {rF+ Str+4}
 39657 | Vaults:3 | Noticed Boris
 39678 | Vaults:3 | Killed Boris
 39983 | Vaults:3 | You fall into a shaft and drop 1 floor!
 40584 | Vaults:3 | Gained mutation: You are robust. (+10% HP) [mutagenic glow]
 40595 | Vaults:3 | Gained mutation: Scrolls take you a little longer to read.
                  | [mutagenic glow]
 40821 | Vaults:3 | Found a staircase to the Crypt.
 41068 | Vaults:4 | Learned a level 3 spell: Conjure Flame
 41259 | Vaults:4 | Reached skill level 1 in Conjurations
 41270 | Vaults:4 | Reached skill level 1 in Fire Magic
 41291 | Vaults:4 | Found Leunt's Weapon Shoppe.
 41586 | Vaults:4 | Found the +7 Spriggan's Knife {stab, EV+4 Stlth+}
 41612 | Vaults:4 | Gained mutation: Your melee attacks may debilitate your
                  | foes. [demonic ancestry]
 41612 | Vaults:4 | Reached XP level 22. HP: 93/215 MP: 36/36
 41691 | Vaults:4 | Noticed Agnes
 41705 | Vaults:4 | Killed Agnes
 42138 | Elf:1    | Entered Level 1 of the Elven Halls
 42256 | Elf:1    | Found Xoas's Antique Weapon Boutique.
 42315 | Elf:1    | Reached skill level 5 in Conjurations
 42500 | Elf:1    | Reached skill level 5 in Fire Magic
 42636 | Elf:1    | Noticed Azrael
 42652 | Elf:1    | Killed Azrael
 42757 | Elf:1    | Noticed Louise
 42777 | Elf:1    | Killed Louise
 43289 | Elf:2    | Found a runed translucent gate.
 43289 | Elf:2    | Found a runed translucent gate.
 43289 | Elf:2    | Found a runed translucent gate.
 43987 | Elf:3    | Entered Level 3 of the Elven Halls
 44009 | Elf:3    | Reached skill level 10 in Throwing
 44087 | Elf:3    | Identified the +4 great sword "Hydraslayer" {drain, Dex+3}
 44087 | Elf:3    | Identified the +1 robe of Ru's Condemnation {rC+ Int+4
                  | Dex+4}
 44087 | Elf:3    | Identified the ring "Kutismohoe" {+Fly rPois Will++ MP+9
                  | Int-5}
 44094 | Elf:3    | Reached XP level 23. HP: 179/224 MP: 37/37
 44120 | Elf:3    | Identified Ywnotz's Almanac of Dislocation and
                  | Transmigration
 44122 | Elf:3    | Identified the +9 scimitar "Baen" {vorpal, rPois Will+
                  | Str-4}
 44122 | Elf:3    | Identified the ring "Ivashor" {EV+4 Stlth+}
 44122 | Elf:3    | Identified the +6 scimitar "Dofa" {protect, *Rage +Rage
                  | rF+++ Stlth-}
 44136 | Elf:3    | Identified the +6 hand axe "Ocvib" {flame, rElec Int+4}
 44145 | Elf:3    | Identified the ring "Qawugaf" {EV+4 Str+2 Int+5}
 44152 | Elf:3    | Identified the ring "Vushuj" {rC+ Str+3}
 44204 | Elf:3    | Identified the +1 hand crossbow "Womolugrug" {elec, rF+
                  | rC+}
 44279 | Elf:3    | Found the +3 Elemental Staff {rElec rF++ rC++ Will++ AC+5}
 45115 | Vaults:5 | Entered Level 5 of the Vaults
 45320 | Vaults:5 | Noticed Boris
 45355 | Vaults:4 | Killed Boris
 45799 | Vaults:5 | Cast into level 3 of the Abyss (a deep elf sorcerer)
 45894 | Abyss:3  | Noticed a dread lich
 45911 | Abyss:3  | Paralysed by a dread lich for 3 turns
 45919 | Abyss:3  | Killed a dread lich
 45921 | Vaults:5 | Escaped the Abyss
 46258 | Vaults:5 | Identified the +0 ring mail of Lothryzoy {Dex+4}
 46270 | Vaults:5 | Gained mutation: Your demonic aura often causes spilled
                  | blood to erupt in flames [demonic ancestry]
 46270 | Vaults:5 | Reached XP level 24. HP: 155/236 MP: 37/37
 46273 | Vaults:5 | Identified the +0 robe "Batsooc" {rF- Will- Str+3 Int+3}
 46296 | Vaults:5 | Reached skill level 10 in Shields
 46311 | Vaults:5 | Noticed an ancient lich
 46321 | Vaults:5 | Killed an ancient lich
 46485 | Vaults:5 | Identified the Tome of the Enthralling Compass
 46608 | Vaults:5 | Upgraded the game from 0.27-a0-492-ga4bb394fd4 to
                  | 0.27-a0-506-g2188dfaaa0
 46681 | Vaults:5 | Identified the +1 leather armour of Peek-a-Boo {-Tele rPois
                  | Str+4}
 46688 | Vaults:5 | Got a silver rune of Zot
 46864 | Vaults:5 | Noticed a dread lich
 46875 | Vaults:5 | Killed a dread lich
 46960 | Vaults:5 | Paralysed by a sphinx for 7 turns
 47037 | Vaults:5 | Identified Juna Jeo's Guide on Venom and the Mountains
 48428 | Depths:3 | Noticed the Enchantress
 48437 | Depths:3 | Killed the Enchantress
 49030 | Depths:4 | Found a shimmering altar of Xom.
 49162 | Depths:4 | Noticed Jory
 49196 | Depths:4 | Killed Jory
 49197 | Depths:4 | Gained mutation: Your demonic aura causes all spilled blood
                  | to erupt in flames. [demonic ancestry]
 49197 | Depths:4 | Reached XP level 25. HP: 189/246 MP: 38/38
 49304 | Depths:4 | Found a broken altar of Ashenzari.
 50321 | Depths:5 | Entered Level 5 of the Depths
 50321 | Depths:5 | Noticed Boris
 50327 | Depths:5 | Killed Boris
 50835 | Depths:5 | Found a gate to the Realm of Zot.
 50966 | Depths:5 | Noticed a juggernaut
 51460 | Zot:1    | Entered Level 1 of the Realm of Zot
 51460 | Zot:1    | Noticed an orb of fire
 51465 | Zot:1    | Gained mutation: Your magical capacity is low. (-10% MP)
                  | [an orb of fire]
 51472 | Zot:1    | Killed an orb of fire
 52373 | Zot:1    | Identified the +3 plate armour "Hahes" {rPois rC+ Dex+5}
 52670 | Zot:1    | Reached XP level 26. HP: 221/259 MP: 35/35
 53187 | D:7      | Bought shiny pearl dragon scales for 3267 gold pieces
 53462 | Hell     | Entered the Vestibule of Hell
 53462 | Hell     | Noticed Geryon
 53490 | Hell     | Killed Geryon
 53602 | Hell     | Found a gateway to the freezing wastes of Cocytus.
 53641 | Coc:1    | Entered Level 1 of Cocytus
 54593 | Coc:1    | Upgraded the game from 0.27-a0-506-g2188dfaaa0 to
                  | 0.27-a0-520-gb83adbd1c9
 55065 | Coc:4    | You fall into a shaft and drop 2 floors!
 55112 | Coc:7    | Entered Level 7 of Cocytus
 55820 | Coc:7    | Reached XP level 27. HP: 196/270 MP: 35/35
 56200 | Coc:7    | Reached skill level 15 in Shields
 56731 | Coc:7    | Identified the ring "Xishreih" {rElec rC- Int+2 SInv}
 56731 | Coc:7    | Noticed Antaeus
 57507 | Coc:7    | Killed Antaeus
 57557 | Coc:7    | Reached skill level 5 in Spellcasting
 57935 | Coc:7    | Got an icy rune of Zot
 58299 | Hell     | Found a gateway to the Iron City of Dis.
 58439 | Hell     | Found a gateway to the ashen valley of Gehenna.
 58917 | Hell     | Found a gateway to the decaying netherworld of Tartarus.
 58951 | Hell     | Reached skill level 10 in Spellcasting
 59278 | Tar:1    | Entered Level 1 of Tartarus
 59382 | Tar:1    | Reached skill level 1 in Stealth
 59548 | Tar:1    | Learned a level 1 spell: Apportation
 60290 | Tar:1    | Reached skill level 5 in Stealth
 61044 | Tar:2    | You fall into a shaft and drop 1 floor!
 61098 | Tar:3    | Reached skill level 27 in Invocations
 61639 | Tar:3    | Reached skill level 15 in Armour
 62343 | Tar:3    | Reached skill level 10 in Stealth
 64781 | Tar:5    | Learned a level 3 spell: Lesser Beckoning
 66304 | Tar:6    | Reached skill level 15 in Translocations
 67339 | Tar:7    | Entered Level 7 of Tartarus
 67468 | Tar:7    | Learned a level 2 spell: Passwall
 67745 | Tar:7    | Reached skill level 10 in Dodging
 68446 | Tar:7    | Reached skill level 1 in Transmutations
 68452 | Tar:7    | Reached skill level 1 in Earth Magic
 68596 | Tar:7    | Found the ring of the Hare {EV+8}
 69059 | Tar:7    | Noticed Ereshkigal
 69093 | Tar:7    | Killed Ereshkigal
 69231 | Tar:7    | Identified the +10 morningstar "Imp's Nightmare" {vamp, rF+
                  | rN+}
 69237 | Tar:7    | Got a bone rune of Zot
 69241 | Tar:7    | Identified the +9 glaive of the Purse {protect, SInv
                  | Stlth+}
 69505 | Tar:7    | Reached skill level 5 in Transmutations
 69511 | Tar:7    | Reached skill level 5 in Earth Magic
 70191 | Tar:7    | Identified the +0 chain mail of Dice, Bag, and Bottle
                  | {rElec rPois rF++ rCorr}
 70608 | Crypt:1  | Entered Level 1 of the Crypt
 70951 | Crypt:1  | Found a basalt altar of Yredelemnul.
 71695 | Crypt:2  | Noticed a dread lich
 71715 | Crypt:2  | Killed a dread lich
 72136 | Crypt:3  | Entered Level 3 of the Crypt
 72373 | Crypt:3  | Found a basalt altar of Yredelemnul.
 72497 | Crypt:3  | Reached skill level 27 in Fighting
 72616 | Crypt:3  | Identified the ring of Ofuachia {rF+ rN+ Stlth+}
 72616 | Crypt:3  | Identified the ring "Eniuze" {rN+ Dex+3}
 72645 | Crypt:3  | Reached skill level 15 in Dodging
 72677 | Crypt:3  | Identified Qecuwoott's Catalogue of Evil
 72789 | Crypt:3  | Learned a level 4 spell: Dispel Undead
 72827 | Crypt:3  | Found a staircase to the Tomb.
 72831 | Crypt:3  | Reached skill level 1 in Necromancy
 73597 | Crypt:3  | Reached skill level 5 in Necromancy
 73769 | Tomb:1   | Entered Level 1 of the Tomb of the Ancients
 74006 | Tomb:1   | Identified the +3 dire flail "Utwasas" {vorpal, Will+}
 74287 | Tomb:1   | Noticed a royal mummy
 74299 | Tomb:1   | Killed a royal mummy
 74334 | Tomb:1   | Reached skill level 10 in Necromancy
 74464 | Tomb:1   | Noticed a royal mummy
 74471 | Tomb:1   | Noticed a royal mummy
 74484 | Tomb:1   | Killed a royal mummy
 74496 | Tomb:1   | Killed a royal mummy
 74859 | Tomb:2   | Noticed Boris
 74863 | Tomb:2   | Noticed a royal mummy
 74863 | Tomb:2   | Noticed a royal mummy
 74863 | Tomb:2   | Noticed a royal mummy
 74864 | Tomb:2   | Noticed a royal mummy
 75158 | Tomb:2   | Identified the +6 dagger of Suhes {antimagic, +Inv Int+3
                  | Dex+6 Stlth-}
 75158 | Tomb:2   | Noticed a royal mummy
 75170 | Tomb:2   | Killed a royal mummy
 75368 | Tomb:2   | Killed a royal mummy
 75373 | Tomb:2   | Killed a royal mummy
 75378 | Tomb:2   | Killed a royal mummy
 75412 | Tomb:2   | Reached skill level 15 in Necromancy
 75433 | Tomb:2   | Killed a royal mummy
 75434 | Tomb:2   | Killed Boris
 75702 | Tomb:2   | Upgraded the game from 0.27-a0-520-gb83adbd1c9 to
                  | 0.27-a0-531-gb72ec1a1b6
 75873 | Tomb:3   | Entered Level 3 of the Tomb of the Ancients
 75890 | Tomb:3   | Noticed a royal mummy
 75894 | Tomb:3   | Noticed a royal mummy
 75916 | Tomb:3   | Killed a royal mummy
 75929 | Tomb:3   | Gained mutation: You are dopey. (Int -2) [mutagenic glow]
 75932 | Tomb:3   | Noticed a royal mummy
 75935 | Tomb:3   | Gained mutation: You are very dopey. (Int -4) [mutagenic
                  | glow]
 75957 | Zig:1    | Entered Level 1 of a ziggurat
 76073 | Zig:2    | Entered Level 2 of a ziggurat
 76099 | Zig:2    | Learned a level 8 spell: Necromutation
 76101 | Zig:3    | Entered Level 3 of a ziggurat
 76130 | Zig:4    | Entered Level 4 of a ziggurat
 76134 | Zig:4    | Found the +5 scythe "Finisher" {speed, eviscerate}
 76164 | Zig:4    | Identified the +7 flail of the Dead {holy, rPois rF+ Will+}
 76209 | Zig:5    | Entered Level 5 of a ziggurat
 76281 | Zig:6    | Entered Level 6 of a ziggurat
 76290 | Zig:6    | Found the ring of the Octopus King
 76309 | Zig:6    | Identified a ring of the Octopus King {+Fly AC+1 EV+1 Str+1
                  | Int+1 Dex+1}
 76320 | Zig:7    | Entered Level 7 of a ziggurat
 76325 | Zig:7    | Noticed an ancient lich
 76337 | Zig:7    | Killed an ancient lich
 76343 | Zig:7    | Identified the +6 morningstar of Thoughtfulness {antimagic,
                  | rElec rN+ Dex+4}
 76348 | Zig:7    | Identified the Tome of Icy Dark Arts
 76357 | Zig:7    | Identified the Catalogue of the Traveller and Clay
 76360 | Zig:8    | Entered Level 8 of a ziggurat
 76515 | Zig:8    | Identified the ring "Othabbin" {+Inv rC- rCorr Stlth+}
 76519 | Zig:8    | Identified the Guide on Supportive Poisoning
 76523 | Zig:8    | Identified the ring of Vigunofe {Will+ Str+3 Int+6}
 76525 | Zig:8    | Identified the +10 trident of Fejianto {vorpal, rPois Int-3
                  | Dex+4 Stlth+}
 76528 | Zig:9    | Entered Level 9 of a ziggurat
 76656 | Zig:9    | Identified the +4 dagger "Gagoj" {speed, Str+4 Dex+6}
 76657 | Zig:9    | Identified the +10 short sword of Spontaneous Combustion
                  | {vamp, rC+}
 76659 | Zig:10   | Entered Level 10 of a ziggurat
 76674 | Zig:10   | Noticed an ancient lich
 76698 | Zig:10   | Killed an ancient lich
 76699 | Zig:10   | Reached skill level 10 in Transmutations
 76728 | Zig:10   | Identified a scroll of acquirement
 76730 | Zig:10   | Acquired a +1 pair of boots of stealth
 76742 | Zig:10   | Identified Kihell's Disquisition on the Bewitching Blaze
 76746 | Zig:11   | Entered Level 11 of a ziggurat
 76841 | Zig:12   | Entered Level 12 of a ziggurat
 76895 | Zig:12   | Identified the +1 great mace of the Common Good {holy,
                  | Int+6}
 76919 | Zig:13   | Entered Level 13 of a ziggurat
 76955 | Zig:13   | Found the amulet of Vitality {Regen+ HP+15}
 76955 | Zig:13   | Found the ring of the Mage {Wiz Will++ Int+3}
 77126 | Zig:14   | Entered Level 14 of a ziggurat
 77186 | Zig:14   | Identified the +7 fustibalus "Tazenoij" {speed, rPois}
 77199 | Zig:14   | Identified the +0 chain mail "Umuuhuz" {+Fly Will+++ Dex-2
                  | Stlth+}
 77215 | Zig:14   | Learned a level 9 spell: Death's Door
 77347 | Tomb:3   | Noticed a royal mummy
 77399 | Tomb:3   | Killed a royal mummy
 77403 | Tomb:3   | Noticed a royal mummy
 77407 | Tomb:3   | Killed a royal mummy
 77408 | Tomb:3   | Noticed a royal mummy
 77424 | Tomb:3   | Killed a royal mummy
 77435 | Tomb:3   | Noticed a royal mummy
 77453 | Tomb:3   | Noticed a royal mummy
 77703 | Tomb:3   | Killed a royal mummy
 77744 | Tomb:3   | Killed a royal mummy
 77844 | Tomb:3   | Identified the +10 falchion "Hidut" {vorpal, *Rage rN+
                  | MP+9}
 77859 | Tomb:3   | Identified the +8 mace of Enouc {holy, rPois rC+ MP+9}
 77989 | Tomb:3   | Killed a royal mummy
 77990 | Tomb:3   | Reached skill level 15 in Transmutations
 77995 | Tomb:3   | Killed a royal mummy
 78131 | Tomb:3   | Identified the Reference Book on Battle Magic and Lightness
 78142 | Tomb:3   | Identified the +8 spear of the Valley {venom, rC+}
 78147 | Tomb:3   | Identified the ring of Ekkeofre {Ice Str+3 Dex+3}
 78148 | Tomb:3   | Identified Bypsum's Tome of Confrontation
 78150 | Tomb:3   | Identified the +6 rapier of Uncomfortable Rashes {flame,
                  | rC++ rN+ Int+6}
 78153 | Tomb:3   | Identified the ring of Wieturer {rC+ rCorr Dex+7 Stlth-}
 78240 | Tomb:3   | Identified the +5 scale mail of Somewhere Else {Slay+2}
 78250 | Tomb:3   | Got a golden rune of Zot
 78459 | Tomb:1   | Noticed a royal mummy
 78466 | Tomb:1   | Noticed a royal mummy
 78472 | Tomb:1   | Noticed a royal mummy
 78475 | Tomb:1   | Killed a royal mummy
 78482 | Tomb:1   | Noticed a royal mummy
 78502 | Tomb:1   | HP: 11/306 [poisoned by an emperor scorpion]
 79214 | Slime:1  | Entered Level 1 of the Pits of Slime
 79294 | Slime:3  | Noticed Dissolution
 79310 | Slime:2  | Killed Dissolution
 79503 | Slime:1  | Gained mutation: You do not regenerate when monsters are
                  | visible. [a shining eye]
 79537 | Slime:1  | Found a viscous altar of Jiyva.
 80210 | Slime:2  | Gained mutation: You are weak. (Str -2) [a shining eye]
 80546 | Slime:4  | Paralysed by a floating eye for 2 turns
 80691 | Slime:4  | Gained mutation: Your body sometimes deteriorates upon
                  | taking damage. [a shining eye]
 80699 | Slime:4  | Gained mutation: Your body often deteriorates upon taking
                  | damage. [a shining eye]
 81019 | Slime:5  | Entered Level 5 of the Pits of Slime
 81104 | Slime:5  | Noticed the Royal Jelly
 82282 | Slime:5  | Killed the Royal Jelly
 82697 | Slime:5  | Got a slimy rune of Zot
 82698 | Slime:5  | Identified the ring "Jaoretid" {+Fly rPois Slay+5}
 82729 | Slime:5  | Identified the ring "Biawucig" {Ice Int+2}
 82740 | Slime:5  | Identified the +5 mace of Pyecoida {drain, rPois rF++}
 82778 | Slime:5  | Identified the Guide on the Birds and Summoning
 82789 | Slime:5  | Identified the Reference Book on Damaging Black Rituals
 82802 | Slime:5  | Identified the +10 hunting sling of Shrieking Terror
                  | {freeze, rC+}
 83161 | Vaults:1 | You paid a toll of 2 scrolls of acquirement to enter a
                  | treasure trove
 83162 | Trove    | Entered a treasure trove
 83193 | Trove    | Identified the ring of the Inquisitive Allies {rF+ AC+4
                  | Slay+3}
 83195 | Trove    | Identified the ring of Paranoia {+Blink +Inv rElec Int+6
                  | Slay-5}
 83222 | Trove    | Identified the +8 ice dragon scales of Honour {rPois rF-
                  | rC++ Regen+ Int-2}
 83282 | Vaults:1 | Lost mutation: You are agile. (Dex +2) [potion of mutation]
 83282 | Vaults:1 | Lost mutation: You expend magic power (3 MP) to strengthen
                  | your wands. [potion of mutation]
 83282 | Vaults:1 | Gained mutation: Your spells are a little harder to cast,
                  | but a little more powerful. [potion of mutation]
 83283 | Vaults:1 | Lost mutation: Scrolls take you a little longer to read.
                  | [potion of mutation]
 83283 | Vaults:1 | Lost mutation: Your magical capacity is low. (-10% MP)
                  | [potion of mutation]
 83283 | Vaults:1 | Lost mutation: You passively map a small area around you.
                  | [potion of mutation]
 83283 | Vaults:1 | Lost mutation: Your body often deteriorates upon taking
                  | damage. [potion of mutation]
 83283 | Vaults:1 | Lost mutation: You do not regenerate when monsters are
                  | visible. [potion of mutation]
 83284 | Vaults:1 | Lost mutation: Your body sometimes deteriorates upon taking
                  | damage. [potion of mutation]
 83284 | Vaults:1 | Lost mutation: Your spells are a little harder to cast, but
                  | a little more powerful. [potion of mutation]
 83284 | Vaults:1 | Lost mutation: You are weak. (Str -2) [potion of mutation]
 83284 | Vaults:1 | Gained mutation: You are very robust. (+20% HP) [potion of
                  | mutation]
 83284 | Vaults:1 | Gained mutation: You occasionally shout uncontrollably at
                  | your foes. [potion of mutation]
 83284 | Vaults:1 | Gained mutation: You evolve. [potion of mutation]
 83284 | Vaults:1 | Gained mutation: You rapidly evolve. [potion of mutation]
 84089 | Zot:2    | Found the +2 ratskin cloak {*Rats rPois rN+ Str-1 Int-1
                  | Dex+1}
 85063 | Zot:3    | Identified the +7 hand crossbow of Fate {elec, rPois
                  | Will+++ Str+2 Int-4}
 85458 | Zot:3    | Acquired Vouxe's Collected Works on Evil Ice
 86038 | Zot:4    | Found Isouf's Changing Room.
 86061 | Zot:4    | Bought 2 potions of mutation for 288 gold pieces
 86061 | Zot:4    | Bought a potion of mutation for 144 gold pieces
 86618 | Zot:5    | Entered Level 5 of the Realm of Zot
 86998 | Zot:5    | Identified the +2 flail "Waesm" {speed, +Fly rPois rF-
                  | MP-9}
 87270 | Zot:5    | Noticed an ancient lich
 87281 | Zot:5    | Noticed a dread lich
 87286 | Zot:5    | Noticed an orb of fire
 87291 | Zot:5    | Killed a dread lich
 87568 | Zot:5    | Noticed a dread lich
 87578 | Zot:5    | Gained mutation: You are weak. (Str -2) [an orb of fire]
 87580 | Zot:5    | Lost mutation: You are very robust. (+20% HP) [an orb of
                  | fire]
 87589 | Zot:5    | HP: 15/306 [poisoned by a green death (poison arrow)]
 87598 | Zot:5    | Noticed an orb of fire
 87780 | Zot:5    | Noticed an ancient lich
 87797 | Zot:5    | Killed an ancient lich
 87812 | Zot:5    | Killed a dread lich
 87849 | Zot:5    | Noticed an orb of fire
 87851 | Zot:5    | Gained mutation: Armour fits poorly on your strangely
                  | shaped body. [an orb of fire]
 87858 | Zot:5    | Noticed a dread lich
 87862 | Zot:5    | Killed an orb of fire
 87865 | Zot:5    | Killed a dread lich
 88008 | Zot:5    | Gained mutation: Your magical capacity is low. (-10% MP)
                  | [an orb of fire]
 88016 | Zot:5    | Gained mutation: Your magical capacity is very low. (-20%
                  | MP) [an orb of fire]
 88018 | Zot:5    | Killed an orb of fire
 88243 | Zot:5    | Killed an orb of fire
 88285 | Zot:5    | Killed an ancient lich
 88942 | Dis:1    | Entered Level 1 of the Iron City of Dis
 92091 | Hell     | Upgraded the game from 0.27-a0-531-gb72ec1a1b6 to
                  | 0.27-a0-577-ge2a43ba0c9
 92374 | Dis:3    | Gained mutation: Your flesh is cold resistant. (rC+)
                  | [evolution]
 93306 | Dis:4    | Learned a level 5 spell: Borgnjor's Vile Clutch
 94923 | Dis:5    | Reached skill level 27 in Necromancy
 95198 | Dis:5    | Reached skill level 1 in Slings
 96816 | Dis:7    | Entered Level 7 of the Iron City of Dis
 97010 | Dis:7    | Reached skill level 5 in Slings
 97145 | Dis:7    | Found the +10 zealot's sword {holy, *Rage rN+ EV+3}
 97245 | Dis:7    | Identified Vugyoliela's Almanac of Moulding and the Glacier
 98076 | Dis:7    | Lost mutation: Your magical capacity is very low. (-20% MP)
                  | [evolution]
 99907 | Dis:7    | Found the +4 staff of Dispater
 99907 | Dis:7    | Noticed Dispater
100399 | Dis:7    | Killed Dispater
100431 | Dis:7    | Identified the +1 pair of gloves "Tevvun" {+Fly MP+9 Dex+3}
100433 | Dis:7    | Got an iron rune of Zot
100434 | Dis:7    | Identified the Compendium of Destructive Shape Shifting
100802 | Geh:1    | Entered Level 1 of Gehenna
103351 | Geh:3    | Gained mutation: Your spells are a little harder to cast,
                  | but a little more powerful. [evolution]
104047 | Geh:3    | Reached skill level 15 in Evocations
106842 | Geh:6    | Reached skill level 10 in Earth Magic
107091 | Geh:6    | Found a huge runed gate.
107092 | Geh:6    | Found a huge runed gate.
107092 | Geh:6    | Found a huge runed gate.
107092 | Geh:6    | Found a huge runed gate.
107093 | Geh:6    | Found a huge runed gate.
107094 | Geh:6    | Found a huge runed gate.
107095 | Geh:6    | Found a huge runed gate.
107095 | Geh:6    | Found a huge runed gate.
107095 | Geh:6    | Found a huge runed gate.
107096 | Geh:6    | Found a huge runed gate.
107368 | Geh:7    | Entered Level 7 of Gehenna
107581 | Geh:7    | Gained mutation: You are occasionally teleported next to
                  | monsters. [evolution]
108253 | Geh:7    | Identified Ischutt's Tome of Companions
108896 | Geh:7    | Reached skill level 15 in Stealth
109084 | Geh:7    | Found the +7 sceptre of Asmodeus
109084 | Geh:7    | Identified the ring "Ischiz" {+Blink rC+ EV+4 Str-3}
109084 | Geh:7    | Noticed Asmodeus
109109 | Geh:7    | Killed Asmodeus
109140 | Geh:7    | Got an obsidian rune of Zot
109616 | Depths:1 | Lost mutation: You are weak. (Str -2) [potion of mutation]
109616 | Depths:1 | Lost mutation: Your magical capacity is low. (-10% MP)
                  | [potion of mutation]
109616 | Depths:1 | Lost mutation: Armour fits poorly on your strangely shaped
                  | body. [potion of mutation]
109616 | Depths:1 | Gained mutation: Armour fits poorly on your strangely
                  | shaped body. [potion of mutation]
109616 | Depths:1 | Lost mutation: You are very dopey. (Int -4) [potion of
                  | mutation]
109617 | Depths:1 | Lost mutation: You are dopey. (Int -2) [potion of mutation]
109617 | Depths:1 | Lost mutation: Your flesh is cold resistant. (rC+) [potion
                  | of mutation]
109617 | Depths:1 | Lost mutation: Your spells are a little harder to cast, but
                  | a little more powerful. [potion of mutation]
109617 | Depths:1 | Lost mutation: You are robust. (+10% HP) [potion of
                  | mutation]
109617 | Depths:1 | Gained mutation: Your mind is acute. (Int +2) [potion of
                  | mutation]
109618 | Depths:1 | Lost mutation: You are occasionally teleported next to
                  | monsters. [potion of mutation]
109618 | Depths:1 | Lost mutation: You rapidly evolve. [potion of mutation]
109618 | Depths:1 | Gained mutation: You have a pair of small horns on your
                  | head. [potion of mutation]
109619 | Depths:1 | Lost mutation: Your mind is acute. (Int +2) [potion of
                  | mutation]
109619 | Depths:1 | Lost mutation: Armour fits poorly on your strangely shaped
                  | body. [potion of mutation]
109619 | Depths:1 | Gained mutation: You tend to lose your temper in combat.
                  | [potion of mutation]
109619 | Depths:1 | Gained mutation: Your system is resistant to poisons.
                  | (rPois) [potion of mutation]
109619 | Depths:1 | Gained mutation: You are dopey. (Int -2) [potion of
                  | mutation]
109619 | Depths:1 | Gained mutation: You are agile. (Dex +2) [potion of
                  | mutation]
109620 | Depths:1 | Lost mutation: You have a pair of small horns on your head.
                  | [potion of mutation]
109620 | Depths:1 | Lost mutation: You occasionally shout uncontrollably at
                  | your foes. [potion of mutation]
109620 | Depths:1 | Lost mutation: Your system is resistant to poisons. (rPois)
                  | [potion of mutation]
109620 | Depths:1 | Lost mutation: You are dopey. (Int -2) [potion of mutation]
109620 | Depths:1 | Gained mutation: Your spells are a little harder to cast,
                  | but a little more powerful. [potion of mutation]
109620 | Depths:1 | Gained mutation: You are strong-willed. (Will+) [potion of
                  | mutation]
109621 | Depths:1 | Lost mutation: You tend to lose your temper in combat.
                  | [potion of mutation]
109621 | Depths:1 | Lost mutation: You are strong-willed. (Will+) [potion of
                  | mutation]
109621 | Depths:1 | Lost mutation: You are agile. (Dex +2) [potion of mutation]
109621 | Depths:1 | Lost mutation: Your spells are a little harder to cast, but
                  | a little more powerful. [potion of mutation]
109621 | Depths:1 | Gained mutation: You have a pair of small horns on your
                  | head. [potion of mutation]
109621 | Depths:1 | Gained mutation: Your body sometimes deteriorates upon
                  | taking damage. [potion of mutation]
109621 | Depths:1 | Gained mutation: You rapidly evolve. [potion of mutation]
109628 | Zig:1    | Entered Level 1 of a ziggurat
109630 | Zig:1    | Gained mutation: You tend to lose your temper in combat. [a
                  | shining eye]
109643 | Zig:2    | Entered Level 2 of a ziggurat
109670 | Zig:2    | Identified Lerreklo's Grimoire of Venomous Attacks
109676 | Zig:3    | Entered Level 3 of a ziggurat
109678 | Zig:3    | Found the ring of the Tortoise {AC+8}
109707 | Zig:4    | Entered Level 4 of a ziggurat
109764 | Zig:4    | Lost mutation: You rapidly evolve. [potion of mutation]
109764 | Zig:4    | Lost mutation: Your body sometimes deteriorates upon taking
                  | damage. [potion of mutation]
109764 | Zig:4    | Lost mutation: You tend to lose your temper in combat.
                  | [potion of mutation]
109764 | Zig:4    | Lost mutation: You evolve. [potion of mutation]
109764 | Zig:4    | Gained mutation: You are dopey. (Int -2) [potion of
                  | mutation]
109764 | Zig:4    | Gained mutation: You have a pair of horns on your head.
                  | [potion of mutation]
109766 | Zig:5    | Entered Level 5 of a ziggurat
109803 | Zig:6    | Entered Level 6 of a ziggurat
109817 | Zig:6    | Noticed an orb of fire
109818 | Zig:6    | Gained mutation: You are occasionally teleported next to
                  | monsters. [an orb of fire]
109821 | Zig:6    | Gained mutation: Scrolls take you a little longer to read.
                  | [an orb of fire]
109832 | Zig:6    | Killed an orb of fire
109836 | Zig:6    | Identified the +6 short sword "Orb Guardian's Doom"
                  | {vorpal, rElec Str+4 Dex+3}
109852 | Zig:7    | Entered Level 7 of a ziggurat
109960 | Zig:8    | Entered Level 8 of a ziggurat
109967 | Zig:8    | Noticed an orb of fire
109980 | Zig:8    | Noticed an orb of fire
109986 | Zig:8    | Gained mutation: You are frail. (-10% HP) [an orb of fire]
109990 | Zig:8    | Killed an orb of fire
109991 | Zig:8    | Gained mutation: Your spells are a little easier to cast,
                  | but a little less powerful. [an orb of fire]
109995 | Zig:8    | Killed an orb of fire
110012 | Zig:8    | Identified the Compendium of Suicidal Tendencies
110030 | Zig:8    | Lost mutation: Your spells are a little easier to cast, but
                  | a little less powerful. [potion of mutation]
110030 | Zig:8    | Lost mutation: Scrolls take you a little longer to read.
                  | [potion of mutation]
110030 | Zig:8    | Lost mutation: You have a pair of horns on your head.
                  | [potion of mutation]
110030 | Zig:8    | Gained mutation: You expend magic power (3 MP) to
                  | strengthen your wands. [potion of mutation]
110031 | Zig:8    | Lost mutation: You are dopey. (Int -2) [potion of mutation]
110031 | Zig:8    | Lost mutation: You are frail. (-10% HP) [potion of
                  | mutation]
110031 | Zig:8    | Gained mutation: You possess an exceptional clarity of
                  | mind. [potion of mutation]
110031 | Zig:8    | Gained mutation: Your mind is acute. (Int +2) [potion of
                  | mutation]
110031 | Zig:8    | Gained mutation: Your natural rate of healing is unusually
                  | fast. [potion of mutation]
110033 | Zig:9    | Entered Level 9 of a ziggurat
110087 | Zig:9    | Identified the Handbook of Confrontation
110153 | Zig:10   | Entered Level 10 of a ziggurat
110184 | Zig:10   | Found the +1 cloak of Starlight {*Dazzle EV+4 Stlth--}
110239 | Zig:10   | Identified the +1 cloak of Otiochou {rN+ Str+2}
110249 | Zig:10   | Identified the +0 buckler "Meesap" {Slay+4}
110250 | Zig:10   | Identified the +0 ring mail "Luebus" {rF+ rN++}
110260 | Zig:10   | Identified the ring of Tinna {rElec rF+ rC+}
110262 | Zig:11   | Entered Level 11 of a ziggurat
110354 | Zig:11   | Identified the Almanac of Inference
110362 | Zig:11   | Identified the +4 flail of Zoorot {venom, rN+ Int+3}
110369 | Zig:12   | Entered Level 12 of a ziggurat
110423 | Zig:12   | Found the +8 storm bow {elec, penet}
110430 | Zig:12   | Identified the +3 morningstar of Repsoro {freeze, rC-
                  | Dex+4}
110434 | Zig:12   | Identified the Catalogue of Changing
110447 | Zig:13   | Entered Level 13 of a ziggurat
110671 | Zig:14   | Entered Level 14 of a ziggurat
110733 | Zig:14   | Identified the +7 dagger of Mutilation {freeze, rElec
                  | Dex+3}
110741 | Zig:14   | Identified the +1 scale mail of Zueg {rC+}
110864 | Zig:15   | Entered Level 15 of a ziggurat
110921 | Zig:15   | Found the ring of the Octopus King
110921 | Zig:15   | Identified the ring "Dyurahuna" {*Contam rPois rF++ SInv}
110923 | Zig:15   | Identified a ring of the Octopus King {AC+1 EV+1 Str+1
                  | Int+1 Dex+1 SInv}
110925 | Zig:16   | Entered Level 16 of a ziggurat
110934 | Zig:16   | HP: 13/281 [poisoned by a reaper]
111054 | Zig:16   | HP: 13/281 [??? (4)]
111073 | Zig:17   | Entered Level 17 of a ziggurat
111092 | Zig:17   | Noticed Tietyihu the pandemonium lord
111106 | Zig:17   | Noticed Otuiried the pandemonium lord
111110 | Zig:17   | Killed Tietyihu the pandemonium lord
111116 | Zig:17   | Noticed Guadosh the pandemonium lord
111124 | Zig:17   | Noticed Urreh the pandemonium lord
111124 | Zig:17   | Noticed Kiredwu the pandemonium lord
111127 | Zig:17   | Noticed Rodinkug the pandemonium lord
111128 | Zig:17   | Upgraded the game from 0.27-a0-577-ge2a43ba0c9 to
                  | 0.27-a0-585-g945025970d
111129 | Zig:17   | Killed from afar by Kiredwu the pandemonium lord

Illustrated notes

Levels and vault maps discovered:
D:1:      dpeg_arrival_prison, layout_basic
D:2:      layout_basic, nicolae_ru_the_path_less_chosen,
          yredelemnul_forgotten_temple_becter, uniq_crazy_yiuf_cottage
D:3:      layout_basic, minitemple, tso_oasis_becter, dk_vineyard_2,
          bh_walls_and_bars, uniq_jessica
D:4:      layout_loops_ring, gammafunk_ghost_arena, minmay_misc_feat_plants,
          uniq_natasha
D:5:      layout_basic, kennysheep_little_box, okawaru_altar_gauntlet_db,
          minmay_temple_entry_butterflies, serial_undead, serial_undead_a,
          serial_undead_f, serial_undead_f, serial_undead_f, serial_shops,
          nicolae_shop_waterfront
D:6:      layout_basic, kennysheep_mini_moat
D:7:      layout_basic, general_overflow_altar, serial_shops, shop
D:8:      layout_basic, nicolae_gozag_seed_capital, uniq_maurice, uniq_joseph
D:9:      layout_stronghold, uniq_prince_ribbit1
D:10:     layout_irregular_city
D:11:     layout_loops_cross, lair_entry_dummy, david_orc_4,
          minmay_diamond_spiral, uniq_harold, uniq_nergalle
D:12:     layout_long_grid
D:13:     layout_rooms, serial_shops, nicolae_shop_waterfront,
          minmay_fractal_squares_5
D:14:     minmay_ornate_pinched, layout_basic, ximxim_vaults_locker_room,
          kennysheep_just_a_vault
D:15:     gammafunk_depths_entry_grave, layout_rooms,
          lemuel_coloured_pillars_altar, uniq_roxanne
Temple:   dpeg_three_leaves_temple
Lair:1:   layout_small_grid, uniq_sonja
Lair:2:   layout_cellular_growth, elwin_shoals_entry_rocks,
          portal_ice_cave_entry_imps
Lair:3:   layout_roguey, nzn_ghost_randoct, infiniplex_staircase_pool
Lair:4:   layout_regular_city, spider_nest_entry_a, ice2_lemuel,
          grunt_megastairs_3
Lair:5:   layout_regular_city, columned_hall_lemuel
Lair:6:   grunt_lair_end_beastmaster, layout_gridlike,
          minmay_slime_entry_pillars, uniq_josephine
Shoals:1: layout_shoals, serial_shops, shop, regret_index_shoals_crete
Shoals:2: layout_shoals
Shoals:3: layout_shoals, nicolae_shoals_this_corrosion
Shoals:4: shoals_end_hangedman, layout_shoals, shoals_ilsuiw_ice, serial_shops,
          nicolae_shop_temple_entry_statues_fountains
Spider:1: layout_spider_delve, ebering_ghost_reflecting_pool
Spider:2: layout_spider_delve, zaba_antful_of_joy, uniq_aizul
Spider:3: layout_spider_delve
Spider:4: spider_rune_water, hangedman_stitches_earthworm, uniq_donald,
          uniq_asterion, uniq_bai_suzhen
Slime:1:  layout_caves, basic_altar
Slime:2:  layout_caves
Slime:3:  layout_caves, dissolution_awaits
Slime:4:  layout_caves
Slime:5
Orc:1:    layout_caves
Orc:2:    pf_orc_diabolical, layout_caves, serial_shops, shop,
          gammafunk_ghost_necromancy, uniq_erolcha
Elf:1:    layout_geoelf_octagon, serial_shops, shop,
          hangedman_elven_crosses_minicolossus, uniq_azrael, uniq_louise
Elf:2:    layout_rooms
Elf:3:    grunt_elf_hall_spiral, layout_geoelf_grid
Vaults:1: nicolae_vaults_circle_grid_a, ontoclasm_vaults_bender, v_misc_28,
          v_misc_10, vaults_dpeg_diagonal, grunt_vaults_swirl,
          ontoclasm_vaults_idyll, hangedman_vaults_river_flow,
          hangedman_vaults_capsules, vaults_room_grunt_arrival_ludios,
          ontoclasm_vaults_twist, nicolae_vaults_specimen_jars,
          ontoclasm_vaults_decontamination, layout_vaults_ring,
          nicolae_trove_entry_diagonal, basic_altar
Vaults:2: v_rooms_4, nicolae_vaults_holding_cells, v_misc_32,
          vaults_room_ringed_pool, hangedman_vaults_stretched_pinwheel,
          ontoclasm_vaults_ring_square, nicolae_vaults_theta,
          nicolae_vaults_asterisk, vaults_room_stairs_pillars,
          nicolae_vaults_alarming, vaults_room_fours, v_misc_9,
          layout_vaults_omnigrid, serial_shops, nicolae_shop_window_shopping,
          uniq_boris
Vaults:3: nicolae_vaults_little_ls, minmay_crypt_entry_simple_box,
          ontoclasm_vaults_spin, vaults_room_hallway, vaults_dpeg_cross,
          ontoclasm_vaults_hangar, st_octagons_1, nicolae_vaults_network_square,
          v_misc_18, nicolae_vaults_what_the_h, vaults_mumra_hexcomb, v_misc_3,
          layout_vaults_omnibox, mu_enter_wizlab_3, portal_desolation_entry_salt
Vaults:4: sword_in_stone, vaults_room_fours,
          nicolae_vaults_windows_and_doors_thing, v_pattern_3,
          ontoclasm_vaults_gateway, vaults_dpeg_ring,
          nicolae_vaults_hallways_thing, v_misc_22, grunt_vaults_diagonal,
          vaults_room_semicircle, v_rooms_3, layout_vaults_big_room,
          serial_shops, nicolae_shop_behind_doors
Vaults:5
Crypt:1:  layout_rooms, st_stairs_11, hangedman_blasphemy,
          grunt_crypt_arrival_split
Crypt:2:  layout_regular_city, grunt_megastairs_5
Crypt:3:  evilmike_haunted_forest
Tomb:1
Tomb:2
Tomb:3
Depths:1: layout_cave_pools, enter_ziggurat_b, pf_coc_iceberg,
          grunt_pan_entry_sceptre, minmay_misc_feat_ornament,
          minmay_misc_feat_hallway, eino_tiny_chamber, lemuel_flamethrower_2,
          serial_bayou_shore_b
Depths:2: abrahamwl_protected_by_tso_3, layout_cave_pools,
          grunt_hell_entry_dis_grunt, rand_demon_pan_entry_8,
          hangedman_abyss_or_decor_slice, abyss_entry, serial_shops,
          nicolae_shop_trees, minmay_fractal_squares_diagonal_5,
          minmay_shop_grove
Depths:3: minmay_quantized_circle, layout_cave_shapes,
          hangedman_decor_slide_cut, lightli_too_deep, rand_demon_pan_entry_1,
          chequers_serial_rivers_marsh, uniq_enchantress
Depths:4: nzn_winding_woodlands_medium [nzn_winding_woodlands_5x5_default,
          nzn_winding_woodlands_5x15_longhouse,
          nzn_winding_woodlands_5x5_default, nzn_winding_woodlands_5x5_default,
          nzn_winding_woodlands_center_garden, nzn_winding_woodlands_hourglass,
          nzn_winding_woodlands_5x5_default, nzn_winding_woodlands_5x15_zeroes,
          nzn_winding_woodlands_5x5_perimeter], layout_cave_pools, abyss_entry,
          kennysheep_flooded_box, pf_hell_entry_tar_river,
          evilmike_ruin_ashenzari, uniq_jory
Depths:5: evilmike_zot_entry_gauntlet, layout_cave_shapes, hell_entry,
          nicolae_lava_and_water
Hell
Dis:1:    layout_subdivisions
Dis:2:    layout_subdivisions, grunt_dis_stairs_iron_hall
Dis:3:    layout_chaotic_city
Dis:4:    layout_subdivisions
Dis:5:    layout_regular_city
Dis:6:    layout_gridville
Dis:7:    dis_st
Geh:1:    layout_gehenna_lava_caves, evilmike_ambush
          [evilmike_ambush_outer_corners, evilmike_ambush_inner_wall_1]
Geh:2:    layout_gehenna_lava_caves
Geh:3:    layout_gehenna_pools_box, nicolae_geh_single_fiery_grave
Geh:4:    layout_gehenna_pools_box
Geh:5:    layout_gehenna_pools_box
Geh:6:    layout_gehenna_pools_triple, not_door_vault_due
Geh:7:    geh_grunt_pentagon
Coc:1:    layout_cocytus_water_paths
Coc:2:    layout_cocytus_water_paths
Coc:3:    layout_ice_bergs
Coc:4:    layout_cocytus_water_paths
Coc:6:    layout_cocytus_water_paths
Coc:7:    coc_grunt_cove [coc_grunt_cove_antaeus, coc_grunt_cove_fiend,
          coc_grunt_cove_fiend, coc_grunt_cove_fiend, coc_grunt_cove_fiend]
Tar:1:    layout_cathedral_of_symmetry
Tar:2:    layout_cathedral_of_symmetry, grunt_megastairs_4
Tar:3:    layout_grid_maze
Tar:4:    layout_grid_maze
Tar:5:    layout_honeycomb, nicolae_tar_cuneiform_to_be,
          nicolae_tar_cuneiform_water
Tar:6:    layout_grid_maze, lemuel_nasty_fountain
Tar:7:    tar_minmay_river
Zot:1:    layout_concentric_octagons, st_stairs_7
Zot:2:    layout_twisted_circle
Zot:3:    layout_gridville, grunt_megastairs_1
Zot:4:    layout_onion, hangedman_zot_decor_scrapings,
          nicolae_transmutations_shop
Zot:5:    layout_gridlike, st_stairs_12
Zig:17

Skill      XL: |  1  2  3  4  5  6  7  8  9 10 11 12 13 14 15 16 17 18 19 20 21 22 23 24 25 26 27 |
---------------+----------------------------------------------------------------------------------+-----
Axes           | 2 3 4 5 6 7 8 10 11 12 13 14 15 16 17 18 19 20 21 26 | 26.0
Dodging        | 1 2 3 4 6 7 18 | 18.7
Fighting       | 4 5 6 7 8 10 11 12 13 14 15 16 17 18 19 20 21 22 27 | 27.0
Evocations     | 1 3 9 10 17 | 17.4
Armour         | 3 4 5 6 7 9 10 11 12 13 20 | 20.0
Shields        | 3 4 5 6 7 8 9 11 13 14 18 | 18.7
Invocations    | 4 8 10 12 14 15 16 18 19 20 21 23 24 25 27 | 27.0
Throwing       | 2 7 8 10 12 13 | 13.0
Translocations | 7 9 11 17 | 17.0
Conjurations   | 2 7 |  7.2
Fire Magic     | 2 6 |  6.5
Spellcasting   | 13 | 13.1
Stealth        | 20 | 20.5
Transmutations | 20 | 20.0
Earth Magic    | 12 | 12.2
Necromancy     | 27 | 27.0
Slings         | 6 |  6.0

Action                   |  1- 3 |  4- 6 |  7- 9 | 10-12 | 13-15 | 16-18 | 19-21 | 22-24 | 25-27 || total
-------------------------+-------+-------+-------+-------+-------+-------+-------+-------+-------++-------
Melee: War axe           |   181 |   185 |   399 |   707 |  1135 |  1428 |  1275 |       |       ||  5310
       Unarmed           |       |       |       |     5 |       |       |       |       |       ||     5
       Hand axe          |       |       |       |       |    17 |       |     3 |       |       ||    20
       Broad axe         |       |       |       |       |       |       |   193 |   960 | 11604 || 12757
       Headbutt          |       |       |       |       |       |       |       |       |   150 ||   150
Throw: Dart              |       |       |       |       |       |     2 |       |       |       ||     2
       Javelin           |       |       |       |       |       |     3 |     7 |    46 |   164 ||   220
 Cast: Blink             |       |       |       |       |       |     5 |     4 |       |    22 ||    31
       Manifold Assault  |       |       |       |       |       |       |    12 |    11 |    52 ||    75
       Conjure Flame     |       |       |       |       |       |       |       |     1 |     5 ||     6
       Borgnjor's Vile C |       |       |       |       |       |       |       |       |    79 ||    79
       Lesser Beckoning  |       |       |       |       |       |       |       |       |    73 ||    73
       Death's Door      |       |       |       |       |       |       |       |       |    13 ||    13
       Dispel Undead     |       |       |       |       |       |       |       |       |    11 ||    11
       Apportation       |       |       |       |       |       |       |       |       |    10 ||    10
       Necromutation     |       |       |       |       |       |       |       |       |     4 ||     4
Invok: Slouch            |       |       |       |       |       |    12 |     8 |     7 |    56 ||    83
       Bend Time         |       |       |       |       |       |     2 |       |       |     4 ||     6
       Step From Time    |       |       |       |       |       |       |       |       |     1 ||     1
Evoke: Wand              |       |     1 |     4 |    17 |     3 |    38 |    15 |    11 |    43 ||   132
       Condenser vane    |       |       |       |       |       |       |       |     1 |     5 ||     6
       Figurine of a zig |       |       |       |       |       |       |       |       |     1 ||     1
  Use: Scroll            |     4 |     5 |     7 |     9 |    16 |    12 |     8 |     1 |    77 ||   139
       Potion            |       |       |     1 |     3 |     2 |     3 |     2 |     3 |    57 ||    71
 Stab: Distracted        |       |       |     1 |       |       |       |     2 |       |    32 ||    35
       Paralysed         |       |       |       |       |     9 |     7 |       |       |       ||    16
       Held in net/web   |       |       |       |       |       |       |     5 |       |       ||     5
       Sleeping          |       |       |       |       |       |       |       |       |    83 ||    83
       Petrified         |       |       |       |       |       |       |       |       |     3 ||     3
       Invisible         |       |       |       |       |       |       |       |       |     1 ||     1
Armor: Scale mail        |    85 |    93 |    52 |       |       |       |       |   170 |   397 ||   797
       Chain mail        |       |       |   166 |   335 |   391 |   587 |   539 |    98 |       ||  2116
       Ice dragon scales |       |       |       |       |     1 |       |       |       |       ||     1
       Pearl dragon scal |       |       |       |       |       |       |       |       |  1767 ||  1767
Dodge: Dodged            |    72 |    67 |   120 |   263 |   576 |  1028 |   947 |   557 |  6402 || 10032
Block: Kite shield       |   124 |   102 |   265 |   537 |   919 |  1332 |  1244 |   767 |  9833 || 15123
       Reflection        |       |       |       |       |       |       |       |       |    26 ||    26

Table legend: (Time is in decaauts)
 A = Elapsed time spent in this place.
 B = Non-inter-level travel time spent in this place.
 C = Inter-level travel time spent in this place.
 D = Time resting spent in this place.
 E = Time spent auto-exploring this place.
 F = Levels seen in this place.
 G = Mean time per level.
                   A        B        C        D        E       F      G
               +--------+--------+--------+--------+--------+-----+--------+
         Total | 164127 | 150914 |  13213 |  13815 |  93738 | 124 | 1323.6 |
       Dungeon |  20272 |  16701 |   3571 |   1397 |  11190 |  15 | 1351.5 |
        Temple |    104 |     66 |     38 |      0 |     65 |   1 |  104.0 |
          Lair |  10528 |   9427 |   1101 |    277 |   7861 |   6 | 1754.7 |
        Shoals |   7181 |   6710 |    471 |    511 |   4532 |   4 | 1795.2 |
   Spider Nest |   6541 |   6271 |    270 |   1276 |   3537 |   4 | 1635.2 |
    Slime Pits |   5018 |   4815 |    203 |   1721 |   1910 |   5 | 1003.6 |
  Orcish Mines |   3641 |   3402 |    239 |    395 |   2306 |   2 | 1820.5 |
   Elven Halls |   4489 |   4275 |    214 |    138 |   3139 |   3 | 1496.3 |
        Vaults |  13600 |  11919 |   1681 |    896 |   8179 |   5 | 2720.0 |
         Crypt |   5621 |   5036 |    585 |      0 |   3962 |   3 | 1873.7 |
          Tomb |   5175 |   5040 |    135 |    892 |   1661 |   3 | 1725.0 |
        Depths |  11024 |   9297 |   1727 |    864 |   6943 |   5 | 2204.8 |
          Hell |   2565 |   2477 |     88 |   1048 |    819 |   1 | 2565.0 |
           Dis |  17600 |  16755 |    845 |    703 |  10115 |   7 | 2514.3 |
       Gehenna |  11853 |  11451 |    402 |    230 |   6651 |   7 | 1693.3 |
       Cocytus |   5831 |   5504 |    327 |   1018 |   1945 |   6 |  971.8 |
      Tartarus |  16492 |  15824 |    668 |    386 |  11044 |   7 | 2356.0 |
           Zot |  10012 |   9370 |    642 |    999 |   6330 |   5 | 2002.4 |
         Abyss |    152 |    152 |      0 |      0 |     73 |   1 |  152.0 |
      Ziggurat |   3671 |   3671 |      0 |    754 |    332 |  31 |  118.4 |
         Trove |    210 |    210 |      0 |      0 |     46 |   1 |  210.0 |
      Ice Cave |   1078 |   1078 |      0 |    229 |    219 |   1 | 1078.0 |
    Desolation |   1455 |   1455 |      0 |     78 |    873 |   1 | 1455.0 |
               +--------+--------+--------+--------+--------+-----+--------+

Top non-repeatable levels by time:
   Dis:7: 5731 daAuts
   Tar:7: 4542 daAuts
   Coc:7: 3992 daAuts
Vaults:3: 3264 daAuts
    D:14: 2946 daAuts
 Crypt:3: 2900 daAuts
   Dis:2: 2899 daAuts
   Geh:7: 2803 daAuts
Vaults:2: 2792 daAuts
   Orc:2: 2791 daAuts
   Tar:1: 2643 daAuts
Vaults:1: 2609 daAuts
   Zot:5: 2603 daAuts
Vaults:5: 2603 daAuts
    Hell: 2565 daAuts
